Workbook

Sheet Sheet2
G2: Albania | H2: Armenia | I2: Brazil | J2: Chad | K2: Cabo Verde | L2: Cambodia | M2: Burkina Faso | N2: Congo (DRC) | O2: Ethiopia | P2: Fiji | Q2: Grenada | R2: Kenya | S2: Kiribati | T2: Kuwait | U2: Liberia | V2: Nepal | W2: *Saint Lucia | X2: Saint Vincent and the Grenadines | Y2: Sierra Leone | Z2: Sri Lanka | AA2: South Sudan | AB2: South Africa | AC2: Percentage
A3: Leadership and Governance | B3: =(2/19)*100 -> 10.526316 | C3: =IF(A3=F3,1,"") -> 1 | F3: Leadership and Governance | AC3: =(2/19)*100 -> 10.526316
A4: Health workforce | C4: =IF(A4=F4,1,"") | F4: Health workforce training and capacity building | AC4: =(6/19)*100 -> 31.578947
A5: Vulnerability, capacity and adaptation assessment | C5: =IF(A5=F5,1,"") | F5: Vulnerability, risk and adaptation assessment | AC5: =(9/19)*100 -> 47.368421
A6: Integrated risk monitoring and early warning | B6: =(9/19)*100 -> 47.368421 | C6: =IF(A6=F6,1,"") -> 1 | F6: Integrated risk monitoring and early warning | AC6: =(9/19)*100 -> 47.368421
A7: Health and climate research | C7: =IF(A7=F7,1,"") -> 1 | F7: Health and climate research | AC7: =(5/19)*100 -> 26.315789
A8: Climate resilient and sustainable technologies and infrastructure | C8: =IF(A8=F8,1,"") -> 1 | F8: Climate resilient and sustainable technologies and infrastructure
A9: Management of environmental (and animal) determinants of health | B9: =(6/19)*100 -> 31.578947 | C9: =IF(A9=F9,1,"") -> 1 | F9: Management of environmental (and animal) determinants of health | AC9: =(6/19)*100 -> 31.578947
A10: Climate-informed health programmes | C10: =IF(A10=F10,1,"") -> 1 | F10: Climate-informed health programmes
A11: Emergency preparedness and management | C11: =IF(A11=F11,1,"") -> 1 | F11: Emergency preparedness and management | AC11: =(5/19)*100 -> 26.315789
A12: Climate and health financing | C12: =IF(A12=F12,1,"") -> 1 | F12: Climate and health financing | AC12: =(1/19)*100 -> 5.2631579
F13: Risk Communication, and public awareness and education | AC13: =(5/19)*100 -> 26.315789
F14: HNAP | AC14: =(2/19)*100 -> 10.526316
F15: Regulatory framework
G18: Albania | H18: Armenia | I18: Brazil | J18: Chad | K18: Cape Verde | L18: Cambodia | M18: Burkina Faso | N18: Congo (DRC) | O18: Ethiopia | P18: Fiji | Q18: Grenada | R18: Kenya | S18: Kiribati | T18: Kuwait | U18: Liberia | V18: Nepal | W18: *Saint Lucia | X18: Saint Vincent and the Grenadines | Y18: Sierra Leone | AC18: Percentage
F19: Heat related illness, injuries | AC19: =(3/19)*100 -> 15.789474
F20: Health impacts broadly associated with exteme events | AC20: =(2/19)*100 -> 10.526316
F21: Water-borne disease | AC21: =(13/19)*100 -> 68.421053
F22: Vector-borne disease | AC22: =(12/19)*100 -> 63.157895
F23: Food insecurity, malnutrition | AC23: =(11/19)*100 -> 57.894737
F24: Mental health and psychological impacts | AC24: =(3/19)*100 -> 15.789474
F25: Zoonoses | AC25: =(4/19)*100 -> 21.052632
F26: Respiratory illess | AC26: =(5/19)*100 -> 26.315789
F27: Cardiovascular illness | AC27: =(1/19)*100 -> 5.2631579
F28: Maternal and child health | AC28: =(1/19)*100 -> 5.2631579

Sheet Cover page
A1: Operationalising health in global climate adaptation commitments: A qualitative synthesis of 37 National Adaptation Plans
A3: Ajay Adhikari, Email: ajay.adhikari@anu.edu.au
A4: Davoud Pourmarzi, Email: davoud.pourmarzi@anu.edu.au
A5: Paul Kowal, Email: paul.kowal@anu.edu.au
A6: Aparna Lal, Email: aparna.lal@anu.edu.au

Sheet Content analysis
A1: Operationalising health in global climate adaptation commitments: A qualitative synthesis of 37 National Adaptation Plans
A2: Country Name | B2: Published Year | C2: Planned Period | D2: Jurisdictional Level (national/state/provincial/local) (I think we don't need this variable. I believe every NAP covers national jurisdiction - excep that Sudan NAP is at state level) | E2: Key Health Impacts/Vulnerabilities Identified (I have also included vulnerabiliyt in terms of lack of health service, medicines, etc.) | F2: Animal-related Health Issues | G2: Adaptation Strategy for Health Sector - Health System Resilience (Prevention, what maintains a healthy population) (I assume that this variable is about institutional response [strategy/law/policy and organization] related to health risks) | H2: Adaptation Strategy for Health Sector - Health infrastructure (1. Data and information systems; 2. Health workforce and planning; 3. Public health organisations (I think we can put "organization" under previous variable which I believe is about institutions: strategy/law and organization) | I2: Additional adaptation options for health-related infrastructure (such as sanitary infrastructure) and service | J2: Adaption Strategy for Health Sector - Emergencies or disasters | K2: Situation-desriptions for Specific Target Groups (e.g. target groups, women, youth, rural, remote) (Y/N) | L2: Adaptation Actions for Specific Target Groups (e.g. target groups, women, youth, rural, remote) (Y/N) | M2: Improve public awareness (Y/N) | N2: Improve/increase Knowledge and research capacity | O2: Monitoring of health related indicators | P2: Description of Health related indicators | Q2: Full framework or specific evaluations plan (Y/N) | R2: Responsible Lead Agency / Ministry | S2: Comments | T2: Preparation Process | U2: What regulatory framework supports this NAP?/ Health plans of NAP supported by regulatory frameworks
A3: Albania | B3: 2021- Date posted on UNCC's website | C3: N | D3: National | E3: Heat wave, Vector increase (p2) “There has been increased heat- as well as cold-related mortality in some regions as a result of climate changes. Local changes in temperature and rainfall have altered the distribution of some waterborne illnesses and disease vectors.” (p15); "air quality related health problems (respiratory diseases) might be aggravated in the main cities of Albania and in particular in the capital of Albania." (p63) - The Albanian NAP started already with several process like steps taking also orientation from the NAP Technical Guidelines: Assessing climate vulnerabilities: Based on vulnerability assessments conducted for Albania’s National Communications to UNFCCC (First, Second and Third) and sector specific vulnerability studies for... health (2011) (p.46) | F3: N | G3: The country developed a specific ‘Health and climate change adaptation strategy’ and is trying to not only mainstream climate change adaptation into health policies but also implement the strategy in the Health Sector (p27). “Apply best approaches for vector control, public health measures and preparedness for extreme events (heat waves).” (p34) "Goal 1: Implementation for selected health measures of relevance to climate change impacts is enhance with special focus on vector control, public health measures and preparedness for extreme events (heat waves)." (p63); "Adapt health sector policies for health facility construction. (2015-2021)" (p63); "Adapt the existing surveillance systems on vector borne diseases. (2013-2021); Continuously assure the quality of the new surveillance and the feed-back reports related to it. (2014- 2021); Support Municipalities and Local Directories of Public health on sanitation continuously. (2013-2021)” (p64) | H3: Potentially, “Capacity development for health institutions” (p34) "Provide training sessions to selected health professionals.(2013- 2021)." (p63) Capacity development for multi-perpective health institutions. "Support with training and information Directories of Public Health and Municipalities. (2013-2021)" (p63) | I3: - Adapt health sector policies for health facility construction (2015-2021) (p.64) | J3: "The National Civil Emergency Plan draws together and clarifies the roles and responsibilities of all public and private stakeholders. This aims to channel the flow of relevant information, to strengthen decision making, and through coordination, to reinforce the capacity to respond through all phases of the disaster cycle." (p27); "Support Food Authority with training for food safety laboratories and risk assessment. (2013 – 2018)" (p64) | K3: N | L3: N | M3: Y - Potentially, “Public awareness + training” (p34); "Public Awareness of climate change impacts on health - Include health related impacts from climate change into awareness campaigns under Priority Action No. 6." (p63); "Inform communities timely and systematically about possible heat waves. (2012-2021)" (p63) | N3: Y - Potentially, “Capacity development for health institutions” (p34); "Improve the research and also livestock management, nutrition, and health under a changing climate" (p62); "Strengthen capacities at Institute of Public Health for entomological laboratory and entomological research. (2013-2021)" (p64) | O3: Y | P3: "Indicator 1.1: Climate related campaigns include health related climate impacts. o Indicator 1.2: Preparedness for extreme climate events is enhanced through early warning systems and primary health care facilities. o Indicator 1.3: Surveillance and prevention measures against communicable diseases caused by climate change are improved." (p63) | Q3: Y - The comprehensive M&E principles and steps are given, no specific one for the Health sector; it's worth noting that the country does well in checking, reporting, and updating (p111). | R3: MoH IPH IGJEUM National Food Authority (p34); Institute of Public Health (IPH) Ministry of Education and Science Faculty of Medicine IGEWE Environmental Agency Institute of food safety and veterinary research (ISUV), Food Authority (FA) Directories of Public Health (p64) | S3: - Total cost estimated for health sector 145 million ALL (~USD 1.3 million) - National budget 73 million ALL (~USD 0.7 million) - Other sectors related to health such as water resources has also estimated cost for NAP implementation (p.28)
A4: Argentina | B4: 2023 | C4: 2023-2030 | D4: National | E4: - Floods are also a cause of health risks for people, both because of the higher incidence of infections, the physical damage caused by these events, and their impact on the mental health of those affected (p.29) - the temperature, humidity and rainfall conditions that favor the reproduction of the Aedes aegyiptiy mosquito also generate a health risk due to an increase in cases of dengue fever (p.29) - Another risk to people's health and comfort occurs in urban centers in the region due to cuts in the supply of electricity during heat waves (p.30) - heat waves increase hospitalizations and deaths of the elderly, young children and people with chronic diseases (cardiovascular, renal, respiratory, hypertension, diabetes and obesity), people with disabilities and others in vulnerable situations: homeless people, indigenous peoples or other people living in precarious habitation (p.30) - The low level of health care coverage and accessibility (p.30) - many diseases due to climate change mentioned in health sub-section of the section "measures to address climate change" | G4: - National Health and Climate Change Strategy currently being developed - Line of action 3. Mainstreaming health in to national climate policy - Line of action 2. Strengthening the health system in the face of climate change - Strengthening of the National Program for the Reduction of Health Risks Associated with the Climate Change and the roundtable within the Ministry of Health. - Development of training for health teams on the links between climate change and health (including prevention,assessment,surveillance and treatment actions), taking into consideration the cross-cutting approaches of gender and diversity,lifecourses,integratedrisk management,justtransition and OneHealth. - Strengthening and updating of the Early Warning System for Extreme Temperatures (heat and cold). - Guidelines for the development of Early Warning Systems for Pluvial Floods - Strengthening of entomological and vector-borne disease surveillance systems | H4: - Line of action 1. Strengthening the governance of the health sector to face the challenges of climate change - Development of training for health teams on the links between climate change and health (including prevention,assessment,surveillance and treatment actions), taking into consideration the cross-cutting approaches of gender and diversity,lifecourses,integrated risk management,just transition and OneHealth. | K4: - Development of training for health teams on the links between climate change and health (including prevention,assessment,surveillance and treatment actions), taking into consideration the cross-cutting approaches of gender and diversity,lifecourses,integrated risk management,just transition and OneHealth. | L4: - Development of training for health teams on the links between climate change and health (including prevention,assessment,surveillance and treatment actions), taking into consideration the cross-cutting approaches of gender and diversity,lifecourses,integrated risk management,just transition and OneHealth. - Implementation, updating and maintenance of plans to prevent health risks associated with extreme temperature events (heatandcold), with emphasis on the most vulnerable populations | N4: - Development of a National Climate and Health Observatory for the integration and analysis of climate , social, economic and health data, and the generation of climate and health monitoring indicators - Modeling the risk of vector-borne diseases, rodents, venomous animals, among others, incorporating climate projections | O4: - Development of a National Climate and Health Observatory for the integration and analysis of climate , social, economic and health data, and the generation of climate and health monitoring indicators | P4: - Development of a National Climate and Health Observatory for the integration and analysis of climate , social, economic and health data, and the generation of climate and health monitoring indicators | R4: - the roundtable within the Ministry of Health. | T4: - Funding of the Green Climate Fund and the UNDP | U4: - Law No.27520-Law on Minimum Standards for Adaptation and Mitigation of Global Climate Change
A5: Armenia | B5: 2021 | C5: - 5 years (2021-2025) - It is anticipated that the adaptation measures presented in the NAP will be implemented or at least initiated during the 2021-2025 period (p.21) | D5: National | E5: - "High frequency and magnitude of hazardous hydrometeorological phenomena (HHP) are characteristic for Armenia, which trigger droughts, landslides, mudslides, forest fires etc." (p7) - One of the seven sectors identified with particular adaptation needs is 'human health' (p.12) | G5: - (rather than having detailed provision in NAP itself) the NAP states that the National Action Program of Adaptation to Climate Change serves as a roadmap for ensuring the mainstreaming of adaptation and implementation of the NAP in the sector policy (p.5) - The vision underlying the NAP process is that all government-policy sectors considered vulnerable to the impacts of CC, including health will incorporate climate change adaptation considerations (p.14) - Climate change adaptation considerations are to be integrated into the strategic development process of the healthcare sector by 2022, 2nd trimester (p.29) - Source of fund - AMD 30,000: Sources not prohibited by legislation (inter-national donor organizations) (p.29) - "Development of the draft RA Government Decree “On approval of the climate change adaptation plan for the healthcare sector” and submission to the office of the RA Prime Minister" (p29) | K5: - Rural low-income communities are particularly vulnerable to the impacts of climate change due to increased health risks (p.7) - "Poverty is exacerbated by an unemployment rate of 28.6%, and an unequal distribution of gendered poverty. Because of their financial and social situations, the population groups living below the poverty line are vulnerable to different aspects of CC, such as extreme temperatures (high and low), bad weather and more frequent natural disasters. Combined analysis of Armenia’s historical data on droughts, soil erosion and other natural disasters shows that rural low-income communities are particularly vulnerable to the impacts of CC due to heightened water insecurity, increased health risks, reduced agricultural productivity and increased incidences of HHP" (p7) | P5: - "CCA [climate change adaptation] considerations are integrated into the strategic development process of the healthcare sector" (p29) | Q5: - not particularly related to health | R5: - Ministry of Healthcare (performer) and Ministry of Environment (co-performer) (p.29) | S5: - While talking about climate change impact in general, health is also mentioned in NAP, but does not have dedicated plans for this - The NAP is not designed to replace existing planning processes, rather to complement them. It does not prescribe how sectors and marzes should or will conduct their policy and planning processes, but provides guidance on good practice (p.15) | T5: - Funding of the Green Climate Fund and support of the UNDP | U5: - Formulation of the NAP process has been directed by three Government Decrees (p.12) - Development of the draft RA Government Decree “On approval of the climate change adaptation plan for the healthcare sector” and submission to the office of the RA Prime Minister" (p29)
A6: Bangladesh | B6: 2022 | C6: 2023-2050 | D6: National | E6: - Cold waves can also have significant health impacts, contributing to acute respiratory infections (ARI), fever, pneumonia, asthma, coughs and skin diseases, especially among the elderly and children - Heat waves will affect human health adversely. As human bodies are not habituated to adjust to a sudden temperature rise, more heatstroke will occur. Vector-borne diseases will spread as well - Increased salinity leads to human health issues like premature childbirth or death, stroke, high blood pressure, etc | G6: - Develop climate-resilient health care and WASH facilities for improved human well-being and livability in cities - Improvement of surveillance, early warning systems and monitoring of psychosocial impacts and mental health risks from extreme weather events - The National Adaptation Plan for Health (H-NAP) is being developed (p. 105) | H6: - Develop climate-resilient health care and WASH facilities for improved human well-being and livability in cities | K6: - Cold waves can also have significant health impacts, contributing to acute respiratory infections (ARI), fever, pneumonia, asthma, coughs and skin diseases, especially among the elderly and children - Adverse health consequences due to climate change are quite prominent among women - Persons with disabilities face neglect and various health, mobility and other problems in day-to-day life, making them more vulnerable to hazards or disasters. | L6: - Climate Change Gender Action Plan (ccGAP) is being updated | N6: - Action research for innovation in climate-resilient infrastructure, improved health and WASH technologies | S6: Health related issues and adaptation plan are embedded in "urban area" theme
A7: Benin | B7: 2022 | D7: National | E7: - Malaria, acute respiratory infections and gastrointestinal disorders accounted for 60% of the reasons for consultations in 2017 (p.25) - Health infrastructure coverage is unevenly di - stributed throughout the national territory (p.25) - Low accessibility to basic social services, including health (p.25) - Precariousness of the mechanism for financing health expenditure (p.25) - Vulnerable to food spoilage/food poisoning, discontinuity in the provision of health services (p.27), cardiovascular illnesses, heat wave, vector-borne diseases particularly malaria in wet periods and meningitis in dry periods, malnutrition/foodborne diseases, diseases related to faecal peril (p.28) - Considering the dominant pathologies in Benin (malaria, acute respiratory infections and diarrheal diseases), it is clear that the vulnerability of the population's health will probably be above average to horizons 2030 and 2050 (p.38) - Lack of disease surveillance, information and research climate-sensitive and appropriate response (p.47) - High prevalence of climate-sensitive diseases (p.47) - Inadequate mechanism for financing related health interventions to climate change (p.47) - Weak adaptation of health infrastructure, equipment of the climate change products and services (p.47) | K7: - The health zones of the North, on the whole, excessive heat and violent winds recorded especially in the dry season mainly affect meningitis, while floods and heavy rains exert more influence on malaria (p.37) - In the health zones of the Centre, floods and floods affect malaria the most (p.37) - Granite crushers, fishermen, small ruminant breeders, transporters and pig breeders are the most socio-economically disadvantaged groups (p.37) - The elderly, carriers and children under 5 are the social group that uses the health center the least (p.37) - In the southern health zones, floods and heavy rains significantly affect malaria (p.37) - The elderly and farmers, traditional therapists, fishermen and market gardeners are the social groups with the lowest level of access to socio-sanitary services (p.37) - According to the TCN report, on the health level, the decline in acquired immunity in pregnant women, behavioral disorders in all subjects and growth regression in children (under 5 years), mortality very high childbirth are the consequences (p.38) | N7: - Lack of disease surveillance, information and research identified as a barrier (p.47) | R7: - Ministry of Health (p.59) | S7: - Cost estimated for implementation of NAP strategies (p.97) | T7: Supported by GIZ, GCF and UNDP | U7: - Legislative provisions related to climate change in Benin: Law No. 87-015 of September 21, 1987 on the Public Hygiene Code (59) - Regulatory provisions: Decree No. 2019-417 of September 25, 2019 on creation, powers, organization and operation of the Health Sector Regulatory Authority (ARSS), and Decree No. 2017-433 of August 10, 2017 on the powers, organization and operation of the Beninese Agency for Food Safety (ABSSA) (p.63)
A8: Bhutan | B8: 2023 | E8: - Risk of zoonosis events because of changing wildlife habitats and increasing intersection between wildlife, livestock, and human settlements - Heat waves, flash floods and landslides threaten human life, health, and wellbeing and affect health infrastructure - Vector-borne diseases (malaria, dengue and to a lesser extent chikungunya, Japanese encephalitis, kala-azar, and scrub typhus) and water-borne diseases (diarrhoea, dysentery, typhoid, cholera) are prevalent in Bhutan and are sensitive to climate change - Dengue in Bhutan was first reported in 2004 and under climate change can increase to about 3000 incidences per year by 2050 | G8: - Surveillance and control of climate-sensitive diseases - Cross-sectoral collaboration and coordination, since the determinants of health fall on other sectors and agencies, such as through Water, Sanitation and Hygiene (WASH) facilities, design of the living environment and disaster risk reduction and management - Collaborating partners/agencies identified - Cross-boarder collaboration emphasized | H8: - Research and capacity building of the health sector is needed since the topic of climate risk integration is a fairly new topic among health professionals and practitioners in Bhutan | I8: - Building resilience of critical public health infrastructure against extreme events and long-term climate risks. | J8: - Enhancing health emergency preparedness to respond to climate induced disaster | K8: - While vector borne diseases are endemic to the southern border with India, the spatial range is also expected to increase to other dzongkhags with higher elevations. | M8: - Stakeholders have identified the participation of senior citizens and retired professionals as partners to fill in gaps in specialised capacity and provide support in outreach and advocacy to vulnerable groups - Awareness raising for cross-border collaboration | N8: - Research and capacity building of the health sector is needed since the topic of climate risk integration is a fairly new topic among health professionals and practitioners in Bhutan | O8: - Activities (short- & medium-term) and their key performance indictors identified | R8: - Ministry of Health | S8: - Cost for actions under each strategic objective estimated - Various forms of funds availability mentioned for NAP implementation (related to UNFCCC, MDBs, bilaterals) - Cost for health and other related sectors estimated | T8: - Supported by UNDP
A9: Bosnia and Herzegovina | B9: 2021 | C9: short-term (2020-2023) medium-term (2023-2027) long-term (2025-2030) | D9: National | E9: - Blood pressure oscillations (p.52) - Cardiovascular and neurological problems (p.52) - Spread of water-borne diseases (p.52) - Food-borne, water-borne and vector-borne diseases (p.53) - An increase in the number of strokes by type of bleeding (p.53) | G9: - Development of legislation on work in extreme climatic conditions (p.67) - Priority interventions include better management of environmental determinants of health (such as water supply and sanitation) (p.54) | H9: - Establishing effective statistical monitoring of climate change-related pathologies (p.67) - Training to staff (p.67) - Building the capacity of public health institutes and emergency departments (p.67) | J9: - Building the capacity of public health institutes and emergency departments (p. 67) | K9: - Vulnerable groups identified (chronic patients, the elderly) (p.52) (children, pregnant women, the elderly, people prone to allergies) (p.53) - Underdeveloped and small local communities without adequate primary health care facilities (p.53) | M9: - Raising awareness and informing the population about the impact of climate change on human health (p.68) | N9: - NAP recommends that future studies should examine the link between climatic extremes and heart attack, chronic obstructive pulmonary disease, arrhythmias and respiratory diseases (p.53) - Making a study into new diseases caused by climate change (p.68) - Examining bioclimatic impacts on human health (p.68) - Examining the impact of allergens on human health (p.69) - Making a study into new diseases caused by climate change (p.68) supported by funding of 250 BAM | O9: - Establishing effective statistical monitoring of climate change-related pathologies (with prior training of staff) (p.67) - Monitoring of the quality of drinking water in rural areas (p.68) - Deaths related to flooding (p.91) - Mortality due to extreme temperatures (p.91) - Number of people requiring interventions against neglected tropical diseases (p.92) - Mortality rate attributed to cardiovascular disease, cancer, diabetes or chronic respiratory disease (p.92) - Vector-borne disease-prevalence: Ixodes ricinus ticks, aedes albopictus, west Nile virus infections, chikungunya transmission (p.93) - Time series of vibriosis infections (except cholera) (p.93) | P9: - Potential indicators in terms of climate impacts on health, recommended adaptation action, and expected adaptation results based on international experiences and practices have been listed (p.119) | R9: - Various government institutions (p.67-69) so we could say that collaboration would be there. - Public Health Institute of Republika Srpska, Ministry of Health and Social Welfare of Republika Srpska, Public Health Institute of Federation BiH (Public Health Institutes) and Ministry of Health of Federation BiH-for data related to health (p.99) | S9: - Health sector adaptation cost estimate 15.1 million BAM (~ USD 8.2 million) (p.67-69) - Other sector such as water has also cost estimated for adaptation: "monitoring of the quality of drinking water in rural areas" (p.68) | T9: - Prepared with a support from GCF and UNDP (p.7) | U9: - The current legislative framework in Bosnia and Herzegovina does not provide a sufficient basis to adequately address climate change impacts (p.12) '- Development of legislation on work in extreme climatic conditions (p.67)
A10: Brazil | B10: 2016 | C10: 2017-2040 | D10: National | E10: - Detailed assessment of vulnerabilities and impacts on health has been done in NAP (p.168-169) - People's exposure to disasters (Flooding and drought), air pollution, reduced capacity and quality of water resources, and climate-sensitive infectious diseases is considered (p.168-169) - Determinants of vulneraibility are considered as environmental conditioning agent and socioeconomic conditioning agent (p.168-173) - Effects on population and unified health system are identified (p.168-173) | G10: - Integrate climatic, environmental and socioeconomic risk analysis into SUS procedures for monitoring of publichealth emergencies (p.34) - "Establish a study, research, monitoring and communication network on climate and health, with a view to expanding technical-scientific knowledge and inputs for healthstatus analysis and for consolidated decision-making of the Unified Health System (SUS)" (p34) - Strengthening of the inter-sectoral and inter-institutional coordination (p.175,178) - Strengthen implementation of the national policy for sanitation and health (p.180) - Strengthen health surveillance for identification of humanhealth risks associated with climate change (p.180) - Establish a study, research, monitoring and communication network on climate and health, with a view to expanding technical scientific knowledge and inputs for healthstatus analysis and for consolidated decision-making of the Unified Health System (SUS) (p.182) | H10: - Improvement of the quality of information and processes for risk reporting to assist with SUS activities in public-health emergencies associated with climate change (p.177) - Promotion of capacity-building and actions to raise awareness of the population and of SUS professionals on the effects of climate change on human health (p.178) - Provision of data and information for knowledge production, technology transfers and actions (p.178) | I10: - Fostering of sustainable, resilient and secure infrastructure for public healthcare and supplementary health facilities - technology transfers and actions (p.178) | J10: - Improvement of the quality of information and processes for risk reporting to assist with SUS activities in public-health emergencies associated with climate change (p.177) - Identify etiological causes in health-emergency associated cases (p.180) | K10: - NAP states that "setting adaptive measures for health requires a multidisciplinary approach that takes into account vulnerabilities stemming from different economic sectors and from such characteristics as climate, geography, vegetation, economy, culture, social models and epidemiological profiles of each of Brazil’s regions that may pose health risks to humans" (p.175) - NAP illustrates the relationship between sectoral actions and reduction of socio-environmental vulnerabilities, and demonstrates the need for crosscutting approaches for improvement of public policies (p.177) | L10: - Formulation of specific policies to increase resilience of social groups with greater vulnerability to climate change in rural areas, wetlands, and among forest populations, indigenous peoples and the homeless (p.179) | M10: - Promotion of capacity-building and actions to raise awareness of the population and of SUS professionals on the effects of climate change on human health (p.178) | N10: - Promotion of studies and research on the effects of climate change on human health, considering traditional knowledge, regional characteristics and ecosystems when constructing knowledge (p.177) - Establish centres for studies and research on climate and health within the Unified Health System (p.182) | O10: - Expand the scope of the National Drinking Water Quality Surveillance Program (VIGIAGUA) to reach 85% of Brazilian municipalities, by 2019 (p.181) - Establish a study, research, monitoring and communication network on climate and health, with a view to expanding technical scientific knowledge and inputs for health status analysis and for consolidated decision making of the Unified Health System (SUS) (p.182) | P10: - Percentage of municipalities with information on registration, control and surveillance of drinking-water quality recorded on SISAGUA (p.181) - Network established and consolidated - Cooperation agreement drafted and implemented. - Network project drafted. - CITISAS project drafted. - Protocol for monitoring public-health emergencies integrated with analysis of climatic, environmental and socioeconomic risk drafted. - Panel for strategic information on climate and health established. - Integration Centre for Health, Environment and Sustainability Technologies established (p.182) | R10: - Ministry of Health’s Secretariat for Health Surveillance | T10: - Prepared by the Executive Group of the Inter-ministerial Committee on Climate Change (GEx-CIM) - Participation of federarl and state governments, civil society, private sectors | U10: - Health plan (alongwith other sectoral plans) for Mitigation of and Adaptation to Climate Change are contemplated by Law 12187, of 2009 and Decree 7390, of 2010 (footnote on p.20)
A11: Burkina Faso | B11: 2015 | C11: N | D11: National | E11: “Famine and its nutrition impacts: inability to maintain a proper diet throughout the year. Some farmers eat just one meal a day at critical times of the year and this impacts on the health and diet of the population.” (p40); “As far as vulnerability to climate change of the health sector is concerned, the main impact will be from climate-sensitive diseases following meteorological events.”; “Damage caused by excessive rainfall, especially floods, may pose a risk to public health due to the precarious condition of water works and a gradual deterioration in the quality of water, causing outbreaks of water-borne diseases such as cholera, dysentery and salmonella.” (p47); infection and diarrhoeal disease after flooding (p48); malaria due to rise in temperature; “high temperatures contribute directly to death from cardiovascular or respiratory diseases, especially among the elderly.”; “the presence of ozone and other pollutants in the air that exacerbate cardiovascular and respiratory diseases increase when the temperature rises.”; “Other factors, such as humidity and dust may encourage certain diseases. Cerebro-spinal meningitis epidemics occur during the dry season, which coincides with periods of low humidity and dusty conditions and disappear with the onset of the rainy season” (p48). “The impact of the vulnerability of water resources on the health sector takes the form of damage caused by excessive rainfall, especially floods, which may pose a risk to public health due to the precarious condition of water works and a gradual deterioration in the quality of water, causing outbreaks of water-borne diseases such as cholera, dysentery and salmonella. This risk of flooding might pose a risk to food security if harvests are destroyed, thereby also resulting in increased malnutrition, especially among children.” (p51); “a significant increase in maximum and minimum temperatures and alternating periods of drought and heavy rainfall over the next 30 to 50 years, leading inter alia to the increased vulnerability of populations due to a greater incidence of certain diseases such as meningitis and malaria” (p80). | F11: Y - "Maintain level of consumption of healthy animal products" (p63); "Protect the health of consumers of heat-perishable foodstuffs of animal origin" (p73) | G11: "Protect and improve public health; Ensure leadership and governance in terms of adapting to the impacts of climate change on the health sector" (p10); “Incorporate climate change issues into healthcare strategies; Strengthen collaboration between the climate change and healthcare sectors; Build capacities for forecasting and responding to climate-change-related phenomena” (p85); - Preserve water resources and improve access to sanitation (p.65) | H11: - "Increase human resources in the health sector skilled in adapting to the effects of climate change (p10)" "Strengthen human resources in the healthcare sector; Promote research in the healthcare sector" (p85); “Improve levels of knowledge among personnel in relation to climate-change-sensitive diseases” (p85) - "Improve detection and response rates for climate change-related phenomena"(p85) | I11: "Establish sanitary infrastructures which are adapted to climate change impacts" (p85). -"Adapt health infrastructure to the effects of climate change (p10)" | J11: "Improve detection and response rates for climate change-related phenomena"(p85) | K11: Y - “Famine and its nutrition impacts: inability to maintain a proper diet throughout the year. Some farmers eat just one meal a day at critical times of the year and this impacts on the health and diet of the population.” (p40); “high temperatures contribute directly to death from cardiovascular or respiratory diseases, especially among the elderly.” (p48); “Women are often forced to travel long distances and still may be unable to find drinking water, as numerous other constraints make this a difficult chore, such as salinisation, dry wells or contamination. Although the State has improved the technical potential with modern boreholes and wells, access to water for women is still a problem on the whole. This impacts on their health and on children's health in terms of the quality of the water and the physical effort required.” (p53) | L11: Y - Specific objectives: “Improve the nutritional status of the most vulnerable groups (women and children) through the availability of an adequate quantity of high-quality products.” (p95) | M11: Y - “Develop a communication strategy for climate change impact adaptations (p85)” | N11: “Promote research in the fields of healthcare and climate change” (p85) | O11: Y | P11: “National healthcare strategies incorporating climate change issues are available; A framework for collaboration is in operation; A training plan has been produced; Number of people trained; A communication strategy is available Awareness-raising resources are available; Forecasting and response tools are available; Sanitary infrastructures have been constructed to take account of climate-change-related risks; Number of research studies dealing with healthcare and climate change” (p85); “Rate of reduction in waterborne diseases” (p101) | Q11: Y, an impressive chapter re the framework of ME is given (p124-130), although no specific one for Health | R11: No responsible agency idientified; however, two names are listed in terms of "contact person responsible for data collection" (p145) | S11: I didn't include the Climate Change Adaptation Potential table (p82) here because I feel that could be explained as something other than actual actions, esp compared to the Summary of Adaptation Actions plan they pointed on p85. - Funding for various sectors including health is included (p.105)
A12: Cambodia | B12: 2013 | C12: 2014-2023 | D12: National | E12: Water-borne and vector-borne diseases (p15) | F12: "Promote animal production and protection of animal health in sustainable ways" (p15). | G12: "Promote renewable energy and energy efficiency to reduce GHG emissions and impacts on health"(p13). - mainstreaming climate change into the health strategic planning of MOH, and other sector planning."(p37) | H12: - "Improve ... capacity of health personnel to cope with vector-borne and water-borne diseases in the context of climate change" (p15); "Develop capacity on using proper technology that does not affect public health and develop capacity on using proper technology that does not [negatively] affect public health (animal production) (MAFF agriculture)"(p37). - "Provide relevant capacity development to village development committee members such as primary health care ..." (p38) | I12: - "Improve healthcare infrastructure to cope with vector-borne and water-borne diseases in the context of climate change" (p15) | J12: N | K12: N | L12: Y - "Provide capacity development to village development committee members on climate change adaptation and mitigation options, and use other scientific knowledge which can be adapted for use by local people (primary health care, water sanitation, research results dissemination and community development)" (p38). | M12: Y - "Provide capacity development to village development committee members on climate change adaptation and mitigation options, and use other scientific knowledge which can be adapted for use by local people (primary health care, water sanitation, research results dissemination and community development)" (p38). | N12: "Improve knowledge and research capacity on health impacts and vulnerability to climate change as an information base for mainstreaming climate change into the health strategic planning of MOH, and other sector planning."(p37) | O12: N | P12: No specific indicators are given. "Procedures and indicators for tracking climate change responses will be integrated in the National M&E System and will constitute the reference for tracking the effectiveness of climate change sectoral strategies and action plans at national and sub national levels." (p29) | Q12: Y - General Framework is planned (p27-32) with a possible health specific one to be developed | R12: Ministry of Health (MOH, p37); Ministry of Rural Development (MRD); Ministry of Agriculture, Fisheries, and Forestry (MAFF, p34)
A13: Cabo Verde | B13: 2021 | C13: 2020 - 2030 | D13: National | E13: "...the degradation of the air quality and vectorial diseases that can translate into stressful situations constituting risks to human health and well-being, with adverse effects on the physical and mental health of populations at all levels." (p65) - The main climate factors affecting the sector are drying trend, extreme temperatures, extreme rainfall, and heavy storms (p.65) | F13: N | G13: Sounds not like an action - “The country recognizes the importance of a greater number of well-equipped medical facilities, better risk communication strategies, more health professionals trained in crisis response, more and better disease surveillance, and need functioning early warning systems.” (p67) | H13: N | I13: N | J13: N | K13: Y - "The sector [fisheries and coastal zones] may be affected by variations in the temperature of the seawater column and its acidification. Those constitute risks for fish populations and their breeding as well as nurturing habitats, with considerable repercussions on fishing activity, economically affecting coastal communities health and well-being. It also affects the distribution of the various species, in depth and latitude, which can affect the abundance of local fish stocks." (p63). "floods caused by heavy rainfall, sea-level rise, and storms in the coastal and urban context with the loss of livelihoods, homes, human lives and energy facilities and the effects on human health associated with vector diseases and inequality of gender and the most vulnerable groups." (p73) | L13: N | M13: N | N13: N | O13: N | P13: N | Q13: Y - some steps of the framework are given, but it does not look like something can apply to the Health area (p129) | R13: N | S13: Beautiful design
A14: Chad | B14: 2022 - Date posted on UNCC's website | C14: N | D14: National | E14: - Low idex of health condition and access to health care presented in tables as baseline information (p.42-43) “The main health impacts would be in increased morbidity and mortality from vector- and non-vector-borne tropical diseases (e.g. malaria, cholera, bacillary dysentery and measles) and water-related diseases, which often occur after floods (e.g. diarrhoea and cholera)” “Increases in temperature and decreases in humidity resulting from climate change could lead to a significant increase in the number of meningitis cases and advance its seasonal onset.” “The significant impacts of climate change on food and water supplies will increase the risk of malnutrition and food insecurity (two major health problems).” “Chronic malnutrition” “Climate change is also likely to aggravate difficulties in accessing basic health services, high mortality rates (i.e. infant, child, maternal and senile mortality) and low life expectancy at birth.” “more heat-related deaths.” (p55-56) | F14: Y - “Emergency livelihood support: distribution of agricultural inputs and tools, distribution of animals, animal health support”; “Livelihood support: distribution of agricultural inputs and tools, distribution of animals, animal health support” (p82) | G14: Vision 2030: the Chad we want: implementing and monitoring national strategies for social protection and universal health care | H14: "Improved access to primary health care, water and sanitation services; the adoption of good feeding practices; and family hygiene" (p90) (this is considered for cross-sectoral collaboration) | I14: "1 health centre" (p77) this is not a plan, but previous project's output | J14: N | K14: N | L14: Y - "Improved access to basic services (health and education) [for refugees and host communities]" (p78); "Improve access to basic mobile services for livestock farmers: drinking water, health, education and information" (p86); "Test innovative human and animal health and education systems that are adapted and sustainable in pastoral environments" (p90); "Support for the medical and nutritional care of children under 5 years of age and for the maternal health of pregnant and breastfeeding women in N’Djamena and in the districts of N’Gouri and Isserom" (p96); "Reinforcement of the response to the humanitarian crisis through integrated, health and nutrition intervention in the Lake Chad Region";"Health, nutrition and protection assistance for displaced and indigenous people in the Lake Chad region" (p97); "Offer innovative services to the transhumant community (drinking water, animal and human health)" (p99) | M14: N | N14: N | O14: Vision 2030: the Chad we want: implementing and monitoring national strategies for social protection and universal health care (no details of monitoring) | P14: N | Q14: N - no any M&E framework/steps are given | R14: Ministry of Public Health (for different projects) (p78, p90); Ministry of Health (p25)
A15: Congo (DRC) | B15: 2021 | C15: 2022-2026 | D15: National | E15: Food insecurity, water-borne diseases, Increased mortality and morbidity rate in women and children from 0 to 5 (p41) | F15: N | G15: "Active management of the environmental dimension of health" (p25). Recommend to "Establish standard methodologies and carry out further vulnerability/risk assessments for key areas at the national level [including health]" (p43). (considered for vulnerability, collaboration criterion) | H15: "Public health services targeting populations at risk" (p41); "Improved access to health services by poor populations that are vulnerable to climate change" (p62) | I15: N | J15: N | K15: Y - "Increased mortality and morbidity rate in women and children from 0 to 5" (p41); "The women are not accepted by the Bantu women in accessing social infrastructure (maternity units, health centres) [are facing climate change-related risks]" (p54) | L15: Y - "Public health services targeting populations at risk" (p41); "Improved access to health services by poor populations that are vulnerable to climate change" (p62) | M15: N | N15: Y - "Establish standard methodologies and carry out further vulnerability/risk assessments for key areas at the national level [including health]" (p43). | O15: N | P15: This report suggested to have next step towards detailed NAP with guidelines. | Q15: N - the report suggests to have provincial and local functional coordination and monitoring bodies (considered for collaboration criterion) by integrating the main divisions representing ministries such as Health (p50) | R15: No responsible agency idientified | S15: - Estimated cost for improved access to health services by poor populations that are vulnerable to climate change USD 500 million (p.62) - Estimated cost for other sectors which affect health (p.62)
A16: Ethiopia | B16: 2019 | C16: N | D16: National | E16: vector and water borne disease; severe malnutrition; increase in flood incidence and displacement (p20); The report futher give detailed health impacts by regions on p53-55: Increased communicable disease, decrease of productive human power, malaria, malnutrition, Increased water borne diseases, death | F16: Y - "Reduced animal health, growth and reproduction" (p19) | G16: "Access to improved water, sanitation and health systems will be enhanced" (P26); "Improvement human health systems based on an integrated health and environmental surveillance protocol"; Prevention of climate sensitive disease prevention and management (p27) A special focus on water area - minimizing downstream flood risks to proect health (p27). | H16: Improving basic health services, esp the health extension system (p27) - % of health workers aware of climate change impacts (p58) (this is about being aware, but not trained) | I16: N | J16: Improving emergency medical service (p27) | K16: N | L16: N | M16: N | N16: N | O16: Y | P16: “Human health index reports (p57); % of target population covered by environment and health surveillance systems integrating climate change; % of health workers aware of climate change impacts (p58)” | Q16: Y - General Framework is planned. Although there is no health specific one, the report gives the column of Means of Verification that we can trace to check the progress. | R16: Ministry of Health; Institute of Public Health; Universities, and Research Centers (p58)
A17: Fiji | B17: 2018 | C17: - A list of the adaptation actions to be prioritised over the next 5 years (p.v). - Health adaptation strategies (some are ongoing, some are with 5 years timescale) (E13p.70-72) | D17: National | E17: - Dengue fever, typhoid fever, leptospirosis, and diarrhoeal disease (p24); Diffuse effects: Disorders of mental/psycho-social health Non-communicable diseases Health system deficiencies; Indirect effects: Water security & safety (including water-borne diseases) Food security & safety (including malnutrition & food-borne diseases) Vector-borne diseases Zoonoses Disorders of the eyes, ears, skin, and other body systems (p25); The report further indicate "extensive mental health impacts such as trauma and stress" (p69) - four main climate-sensitive diseases identified: dengue fever, typhoid fever, leptospirosis, and diarrhoeal disease - Indirect effects: water-borne diseases, malnutrition & food-borne diseases, vector-borne diseases, zoonoses, disorders of the eyes, ears, skin, and other body systems - Diffuse effects: disorders of mental/psycho-social health, non-communicable diseases, health system deficiencies - limited capacity to manage and adapt to the health risk due to climate change - health impacts are attributed to high temperature, extreme rainfall, flood, cyclone (nothing about any health risk associated with the sea level rise?) - rural population experience greater health care constraints, such as higher travel costs and longer waiting times - Constraints impact women more than men as they have additional reproductive, care giving, and subsistence responsibilities - Women often only use local services, rather than divisional hospitals, due to time constraints and transportation costs, increasing the risk of developing advanced dangerous health conditions | F17: - extensive death of fish and other marine life (p.27) | G17: - Identifying and protecting the health of low-income and otherwise disadvantaged groups should be a particular priority (p.70) - Health is an important sector within the National Development Plan of 20 years (p.70) - Existing health focused institutional arrangements: Climate Change and Health Steering Committee, Climate Change and Health Advisory Working Group (p.70) (cross-sector collaboration) - Strategy to establish and strengthen a formal link of above entities to the National Climate Change Coordinating Committee to support the incorporation of health agenda in national, regional and global platform; and ensuring effective coordination of risk management and resilience for communicable diseases, health emergencies, climate change and natural disasters and climate sensitive environmental health determinants (p.70) (cross-sector collaboration) - Strengthen and empower the Climate Change and Health Unit by increasing resources and personnel (p.71) - Identify and prioritise adaptation needs and associated health risk exposures of communities and populations most vulnerable (p.71) - ensure legislations, policies and designs are used for new health facilities to prevent vulnerability (p.71) - Develop policies that reflect health protection from climate risks and disaster risks (p.72) - Develop waste management standards for the transport industry to ensure waste is either reused or disposed/incinerated in a manner which is not harmful to human health or the health of the environment (p.83) (coordinated management) | H17: - piloting a web based reporting system that includes climate and climate sensitive diseases and emerging health concerns (exposure, adaptive capacity) through strengthened partnership and cooperation within the Ministry of Health and Medical Services, and between the relevant ministries and stakeholders particularly with Fiji Meteorology Services (p.70) - Enhance the resilience of the National Health System by developing the capacity of health workers on health and climate change adaptation and disaster risk reduction, and in the field of disaster medicine (p.71) - Preparation, translation, printing and distribution of information brochures combined with TV and radio shows about the impact of climate change and appropriate response on health and protection measures (p.72) | I17: - Retrofit the existing and installing innovative structures, energy and water supplies, and medicines and equipment efficiency (p.71) - Repair and reconstruct through the ‘build back better’ concept of health infrastructure affected by disasters (p.71) - Improve diagnostic and treatment capacities of health care infrastructure at all levels (p.71) | J17: - Enhance the resilience of the National Health System by developing the capacity of health workers on health and climate change adaptation and disaster risk reduction, and in the field of disaster medicine (p.71) | K17: - People living in rural areas experience greater health care constraints, such as higher travel costs and longer waiting times (p.69) - Impact women more than men as they have additional reproductive, care giving, and subsistence responsibilities (p.69) - Women often only use local services, rather than divisional hospitals, due to time constraints and transportation costs, increasing the risk of developing advanced dangerous health conditions (p.70) | L17: - Identifying and protecting the health of low-income and otherwise disadvantaged groups should be a particular priority as they will disproportionately experience climate change impacts on health (p.70) | M17: - Preparation, translation, printing and distribution of information brochures combined with TV and radio shows about the impact of climate change and appropriate response on health and protection measures (p.72) | O17: - Data collection should be conducted and shared by any entities which have implemented NAP actions. It is believed that much of ‘outputs’ data will come from Government Ministries who have either directly executed actions or have acted as implementers and overseen the execution of actions by others such as community-based or non-governmental organisations (p.90) - The monitoring and evaluation system should capture both processes and outcomes (p.90) | R17: - Ministry of Health and Medical Services is mentioned in Figure 23 (p.46), but nowhere is mentioned that this will be responsible for implementing NAP plans related to health. | T17: - Support from the NAP Global Network to prepare National Adaptation Plan - Participation of national and sub-national governments, civil society, private sectors and academics | U17: - The inclusion of health as a sector within the NAP is paramount due to Section 38 of the 2013 Constitution of the Republic of Fiji which requires the State to take ‘reasonable measures within its available resources to achieve the progressive realisation of the right of every person to health, and to the conditions and facilities necessary to good health, and to health care services, including reproductive health care’ (p.69) - '- application of relevant legislations, policies and other reviewed standard health building designs and ensure such legislations, policies and designs are used for new health facilities to prevent vulnerability to CC impacts (apply in phases for existing that were not affected by TC Winston – Phase 1 & Phase 11).” (p71);
A18: Grenada | B18: 2017 | C18: 2017-2021 | D18: National | E18: •physical injury, •death, •heat stress and heat-related illness cardio-vascular issues, heat strokes, cardiac arrhythmia), •psychological trauma, •loss of livelihoods, •water, sanitation and hygiene related issues, •food insecurity, and •displacement. •infectious diseases, •vector-borne (dengue, chikungunya and possibly zika), •water-borne (diarrheal diseases), •rodent-borne (leptospirosis). •chronic respiratory diseases e.g. asthma, •acute respiratory infections. (p57) | F18: N | G18: "A National Health Sector Disaster Management Plan is available but is currently under review. It is being led by the Disaster Management Officer in the MoHSS." (p58) “Revise fines for current legislation, specifically the Public Health Act and Regulations [in water area]” “Improve enforcement of existing legislation (public health, water legislation and other related legislation), through the provision of the necessary support from relevant government agencies”(p36) “Include climate information and improve national disease surveillance system to strengthen the analysis and use of disease data and enable forecasting and real-time outbreak monitoring.” “Improve vector surveillance, especially data capture, analysis and usage, to better target control measures and save limited resources.” “Limit the spread of vector borne diseases as early as possible to protect residents and tourists.” (p59); - “Implement or mobilise resources to implement recommendations from the WHO/PAHO “Safe Hospital Index” assessment related to disaster and climate risk reduction; - set-up a “Safe & Climate-Smart Hospitals/health facilities” Programme.” (p55) | H18: "Inclusion of climate-sensitive diseases in Disaster Risk Management training; Training of health care personnel on disaster preparedness, response and vector control measures, especially at community-level" (p59) | I18: "Three health facilities will be retrofitted to help reduce downtime and potential damage to the facility in the event of a disaster, as well as reduce operational expenditures by improving water and energy management." (p58) - In recent years, vulnerability assessments and studies of the health sector infrastructure have been conducted...Small and medium sized health care facilities were assessed in 2015-2016. At least three are earmarked for upgrades (p.58) (seems to be baseline information) | J18: "Three health facilities will be retrofitted to help reduce downtime and potential damage to the facility in the event of a disaster, as well as reduce operational expenditures by improving water and energy management." (p58) | K18: N | L18: “Encourage Ministry of Health and Environment to provide education on new septic field treatment and maintenance options [for mobilising resources for implementation of Greater Grenville Local Area Plan”; “Implement or mobilise resources to implement recommendations from the WHO/PAHO “Safe Hospital Index” assessment related to disaster and climate risk reduction; set-up a “Safe & Climate-Smart Hospitals/health facilities” Programme.” (p55) | M18: Y - "Different awareness-raising events were conducted for health professionals on the link between climate change and health and a leaflet is available for the general public." (p58) | N18: "Link historic prevalence/incidence data of priority diseases with climatic data to establish possible correlations." (p59) | O18: Y | P18: “At least two (2) project proposals are submitted to potential donors and/or investors annually, starting in 2017; Climate information has been included in national disease surveillance system to strengthen the analysis and use of climate-sensitive disease data.” (p56) | Q18: Y - an M&E framework is given with indicators and an approximate budget (p70) | R18: The Ministry of Health was mentioned in the task (p60) | S18: Y - an M&E framework is given with indicators and an approximate budget (p70) - Grenada’s draft GCF project proposals includes new or improved drinking water storage and improved plumbing and/or rainwater harvesting infrastructure at 16 community health facilities and related services in four parishes of Grenada and in Carriacou (p.58) | T18: Y - an M&E framework is given with indicators and an approximate budget (p70) | U18: -“Revise fines for current legislation, specifically the Public Health Act and Regulations [in water area]” “Improve enforcement of existing legislation (public health, water legislation and other related legislation), through the provision of the necessary support from relevant government agencies”(p36)
A19: Kenya | B19: 2016 | C19: 2015-2030 | D19: National | E19: The recent improvements in malarial control, water-borne diseases, infant mortality and malnutrition are vulnerable to set backs from climate change. Impacts on water quality, water resources, changes in habitat, increasing exposure of vulnerable groups, sanitation and drainage, and vector-borne diseases are all areas for concern. (p30) | F19: Y - However, this one is more related to how livestock sector affect economy (p38). | G19: In short term, “Undertake a climate vulnerability and risk assessment of the impacts of climate change and variability on human health”; Designing "appropriate climate change related interventions for the health sector" and “Design appropriate measures for surveillance and monitoring of climate change related diseases in order to enhance early warning systems which includes enhancing existing databases on health sector indicators amongst others” are medium term sub-actions for Kenya. In long term, the country aims to "Upscale results of pilot projects in climate change adaptation in the health sector." (p30). | H19: N | I19: N | J19: N | K19: Y - "the health of coastal populations could be affected because of increasing ground water salinity, which might also lead to permanent inundation of low lying areas making them uninhabitable, leading to migration of population and possibly the emergence of environmental refugees." (p18) | L19: N | M19: Y - "Increase public awareness and social mobilisation on climate change and impacts on health." (p30) | N19: - "Upscale results of pilot projects in climate change adaptation in the health sector." (p30) | O19: Y | P19: The following are general indicators for sectors: “Number of sectors planning, budgeting and implementing climate change adaptation actions; National and county performance contracting systems integrating climate change adaptation targets; Amount of loss and damage from climate hazards per sector; Amount of private sector ﬁnancing for adaptation” (p49). | Q19: Y - General Framework is planned, no health specific one (p48-49) | R19: Ministry responsible for health, MDAs, County Governments, research institutions and academia, civil society and private sector (p30). | S19: - Budget for health and health related other sectors mentioned (p.30-34)
A20: Kiribati | B20: 2019 | C20: - To build resilience the KJIP needs to be implemented in the next 10 years or so (p.61) - But on a different page: Kiribati NAP (KJIP - the Kiribati Joint Implementation Plan) is aligned and supportive of the Kiribati Vision for2018-2038 (20 years) (p.5, 173) | D20: National | E20: - existing problems (in terms of sensitivity) and their impacts (observed/potential) are detailed (P.57-58) | G20: - Strategy 5: Strengthening health-service delivery to address climate change impacts (p.67) - Capacity of national and local health systems, institutions to manage climate change- and disaster-related health risks are enhanced (p.71) - Strengthening health intervention programmes for monitoring, surveying and responding to climate-sensitive, climateinduced and disaster-related diseases (p.71) - Outbreak preparedness governance framework, response plan and a sectoral environmental health plan, which incorporate surveillance and response to climatesensitive diseases and disaster risks, will in place (p.71) - Develop a governance framework to guide the health sector’s work on climate change and disaster risk reduction (p.71) - Improve management, coordination and implementation of health security programmes (p.71) - 11 national policies are identified to be aligned with the KJIP (p.173-176) | H20: - Routine systems for surveillance of environmental health hazards and climate-sensitive diseases will be strengthened (p.71) - Capacity of personnel to manage climate change- and disaster-related health risks are enhanced (p.71) | I20: - Equipment will be provided to the MHMS Central Laboratory and Environmental Health Laboratory (p.71) - Retrofitting medical facilities and health infrastructure (p.71) - Enhanced chemical waste management and alternatives to reduce contamination and pollution (p.72) | J20: - Outbreak preparedness governance framework, response plan and a sectoral environmental health plan, which incorporate surveillance and response to climatesensitive diseases and disaster risks, will in place (p.71) - Capacity of personnel to manage climate change- and disaster-related health risks are enhanced (p.71) | K20: - Densely populated areas are at high risk (p.57) - The risk is especially high in crowded conditions (p.57) - High population density increasing risk of rapid transmission of infectious diseases (p.57) | M20: - Expected result from KJIP: Public will be aware of water safety and proactively reduces the spread of vector-, water- and food-borne diseases (p.71) | O20: - 7 expected results and related actions/sub-actions, and their performance indicators are listed in NAP (p.132-136) | P20: - Total 26 performance indicators are listed in NAP (p.132-136) | R20: - Ministry of Health and Medical Services (p.77, Fig.10, p.132-136) | T20: - Revision was undertaken by the International Institute for Sustainable Development and financed by the US government | U20: - The KJIP has to align to rules and procedures that the Government of the Republic of Kiribati must follow (this is a challenging part. Rather than KJIP being supported by legal instruments, KJIP itself should comply with prevailing laws) (p.60) - some laws need to be adjusted to enable agencies to respond effectively to the impacts of climate change and disasters (p.62)
A21: Kuwait | B21: 2019 | C21: 2019-2030 | D21: National | E21: Increasing dust events "significantly contribute to degrading the air quality increasing risks of chronic diseases and deaths" (p159); Increased risks of injuries and deaths due to heat waves; Increased risks of chronic diseases, such as asthma (p161). - Gaps identified in health sector (p.142) | F21: N | G21: “Conduct risk assessments and vulnerability to Climate Change on the general public.” (p161); “Increase drought-proof vegetation to reduce dust fallout from dust storms.” (p162). “Include information and instructions about Climate Change Effects on Health in the early education curriculum.” (p162) - “Adjust the official working hours to avoid working during maximum temperatures in the day (study and issue a new threshold).” (p162) | H21: N | I21: N | J21: “Establishing national health alerts for dust storms and heat waves.” "Develop warning systems for extreme weather conditions combined with a communication strategy for alerts." (p162) | K21: Y - "The spatial distribution of asthma patients can be a useful mean to manage healthcare services and minimize climate change effects on asthma patients." (p113). | L21: Y - “Involve the media in carrying the message of issues of Health, as people get more influenced and receive the message more directly and subconsciously through advertisement and social media sites.” (p161); “Adjust the official working hours to avoid working during maximum temperatures in the day (study and issue a new threshold).” (p162) | M21: Y - “Increase public awareness of climate changes effects and impacts on general health.” ; “Involve the media in carrying the message of issues of Health, as people get more influenced and receive the message more directly and subconsciously through advertisement and social media sites.” (p161). “Raising awareness of how to respond to dust and heat waves events.” (p162) | N21: “Establish a research and monitoring network on climate and health, with a focus on analyzing the expected climate change impact on health.” (p162) | O21: N - Indicators were not given alghough the report aims to build a monitoring network in long-term (p162). | P21: N | Q21: Y - General Framework is mentioned, no health specific one (p28). The report aims to build a monitoring network in Health in long-term (p162). | R21: Ministry of Health; Ministry of Higher Education; Ministry of Electricity and Water; KEPA; Ministry of Finance; Ministry of Services Affairs; Ministry of Information; Meteorological department – Civil Aviation (p162) | S21: - Budget estimated for health sector and related sectors (p.162 and other pages)
A22: Liberia | B22: 2021 - Date posted on UNCC's website | C22: 2020-2030 | D22: National | E22: Increased incidence of vector-borne diseases (e.g., malaria, dengue fever, and yellow fever) due to the extended breeding range to higher elevations; Emerging and re-emerging water and foodborne disease; Exacerbation of respiratory diseases (e.g., asthma) (p59). | F22: N | G22: N | H22: N | I22: N | J22: N | K22: N | L22: N | M22: N | N22: N | O22: N | P22: N | Q22: N | R22: Y - Ministry of Health (MoH) and National Public Health Institute of Liberia (NPHIL) are mentioned in one health-related project
A23: Marshal Islands | B23: 2023 | C23: 2024-2070 | D23: National | E23: - Droughts in the region, which intensify water shortages, act as breeding grounds for diseases like dengue fever, Zika virus, and cholera (p.117) - there’s a growing risk of heat-related ailments. The elderly, children, and those with chronic conditions face heightened risk (p.117) - Rising sea temperatures present a new set of challenges, from increased cases of diarrhea and dengue fever to quicker food spoilage rates, escalating the risks of food poisoning (p.117) | G23: - Will require coordination between MoCIA, Ministry of Health and Public Services, and be an endorsed prioritization plan (p.159) - Launch programs to improve accessibility to healthcare in the neighboring atolls, including upgrading outer island health facilities so all have internet/satellite capabilities and include video conferencing (p.159) - Collect annual data of climate change impacts on health and the impact of adaptation measures (p.160) - M&E indicators listed on p.197-198 | H23: - Build capability of health staff in all climate and health priority areas (p.160) | I23: - Audit climate resilience of existing health infrastructure and program of upgrading (p.159) - Implement building specifications for repairs (post weather events), upgrades, and new buildings to respond to climate change. (p.160) | J23: - Implement a post-disaster recovery policy, including financing for quick re establishment of priority health services (including “build back better”) (p.159) | K23: - There’s a growing risk of heat-related ailments. The elderly, children, and those with chronic conditions face heightened risk (p.117) | M23: - Develop and implement education programs on health and climate change – both awareness and resilience building (p.160) | T23: - Support from the World Bank
A24: Mozambique | B24: 2023 | C24: 2023-2030 (p.340) | D24: National | E24: - Impact flood on health of communities due to heavy rainfall (p.85); - Health impact due to climate risk rated low & moderate only, not high (p.94). - The country's vulnerability is also heightened by its low adaptive capacity, poverty, limited investment in modern technology and deficiencies in its infrastructure and social services, especially those related to health and sanitation (e.g. malaria and cholera in 2019 after Cyclone Idai and Kenneth in central and northern Mozambique) (p.113). - Mozambique is among the ten nations in the world most affected by malaria, causing between 44,000 and 67,000 deaths annually in all age groups, however pregnant women and children are the main victims. Another health problem in the country is cholera. As forecasts of changes in climate patterns show that they will worsen in the coming years(p.332) | G24: - Health Sector Strategic Plan (p.172) | H24: - Implementation of approved instruments aimed at building resilient infrastructure: Roads and Bridges, Health Centers (p.202) - Reinforcing the capacity to prevent and control the spread of vector diseases through the correct mapping of their distribution and mobility (p.336) - Establishment and reinforcement of a surveillance system (p.336) - Mapping of their distribution across the country in order to define adequate prevention and combat actions, targeting specific vulnerable population groups, such as children, pregnant mothers and infants, the elderly, people living with HIV-AIDS. | I24: - Due to the fact that water is a vital resource for life, health, socioeconomic development, poverty eradication, the fight against hunger and the reduction of infant mortality and the reduction of inequalities, it is essential to strengthen the capacity to capture, store and distribute water to human consumption, animals, irrigation, saving and reuse of water in order to guarantee its sustainable management (p.310) - the improvement of vector control measures and behaviors linked to aspects of sanitation and hygiene | K24: - Mapping of their distribution across the country in order to define adequate prevention and combat actions, targeting specific vulnerable population groups, such as children, pregnant mothers and infants, the elderly, people living with HIV-AIDS. | L24: - Mapping of their distribution across the country in order to define adequate prevention and combat actions, targeting specific vulnerable population groups, such as children, pregnant mothers and infants, the elderly, people living with HIV-AIDS. | R24: - The Ministry of Health (MISAU) - due to the fact that some diseases such as cholera and malaria are related to access to clean water and poor environmental health MOPH and managers of urban centers must add their contribution. | S24: - Estimate budget for health sector USD 1.248 m | T24: Funding from UNDP
A25: Nepal | B25: 2021 - Date posted on UNCC's website | C25: 2021-2050 | D25: National | E25: Access to abundantly clean drinking water; water-borne diseases; vector-borne diseasesl respiratory diseases; cardiovascular disease; food-borne diseases; nutrition-related dieseases, injuries, and mental illnesses (p31). | F25: N | G25: Policy reform, strategy development and national level awareness raising on climate resilient health and WASH programme, planning, operationalization and sustainability | H25: Capacity building of health and hygiene service providers (institution and personnel) on climate resilient health and hygiene service planning and implementation. (p31); Climate change resilience development through capacity building, innovation, improvement and construction of WASH services and facilities (p32). | I25: “Develop and promote climate resilient infrastructure, to enable efficient functioning of health care facilities during extreme weather events.” (p31). - Construction of WASH services and facilities (p32) - Strengthen and equip public health laboratories to better assess climate sensitive diseases” (p32) | J25: Develop and promote climate resilient infrastructure, to enable efficient functioning of health care facilities during extreme weather events (p31); Build capacity of the federal, provincial, and local level public health emergency operations centres (p32). - Strengthen and equip public health laboratories to better assess climate sensitive diseases” (p32) | K25: N | L25: Y - “Develop climate-resilient water supply system, and sanitation services and facilities focusing on Gender, Children, Youth and overall social inclusion” (p32). | M25: N | N25: Y - “Strengthen and equip public health laboratories to better assess climate sensitive diseases” (p32); building "research, innovation and development of climate resilient measures/technologies for water supply, sanitation and health systems" (p33). | O25: N | P25: The report gives objectives such as "operationalize a disease surveillance system through adoption of appropriate technology and tools" (p32), timeframe and budget but it doesn't provide specific indicators. | Q25: Y - a general reporting and monitoring map was given but no specific one on health (p42-44) | R25: N | S25: Texts of this document are unsearchable; I read key chapters while there is still the possibility that I missed something.
A26: Pakistan | B26: 2023 | D26: National | E26: - Drought periods (1969, 1974, 1987, 2002, and 2013–2015) have been associated with 19 acute and chronic malnutrition. In Tharparkar (Sindh), for example, many children died of malnutrition in 2014 after 20 severely reduced rainfall from March 2013 to February 2014. In 2015, an unprecedented heat wave with 21 temperatures as high as 49°C killed more than 1,200 people in Karachi. Air pollution poses a signi􀃯cant challenge in Pakistan. In 2019 alone, it is estimated that 114,000 deaths were attributable to PM2.5 pollution. Furthermore, the impact on public health is evident as Pakistan's average life expectancy has been reduced by 4.3 years. (p.17) - Over-application of agro-chemicals (fertilizers and pesticides) is impacting soil and human health. - Inadequate water, sanitation, and hygiene (WASH) services, particularly in rural areas, compound health risks. - more than 62 million Pakistanis are vulnerable to dengue, while over 60 million live in areas at high risk for malaria, and another nearly 50 million live in areas of low to medium risk (p.52) - Water-borne diseases are also highly prevalent in Pakistan—in 2019, diarrheal diseases were the 86 fourth-leading cause of mortality nationwide (p.52) | G26: - Mainstreaming Climate Adaptation in Health and Education Policies (p.55) - Conduct assessment to strengthen the understanding of climate change impact on public health, and formulate a roadmap to address such challenges (p.56) - Integrate climate change adaptation measures into the national and subnational policies in health sector (p.56) - '- Develop a communication and dissemination strategy for climate-health nexus (p.57) - Issue timely alerts and advisories on climate and disaster information to health personnel and communities (p.57) | H26: - Improve data collection, reporting, analysis, and record keeping of climate-sensitive diseases (p.56) - Upgrade and extend disease outbreak monitoring and forecasting (p.56) - Strengthen the capacity of federal, provincial, and district level healthcare bodies (p.57) | J26: - - Issue timely alerts and advisories on climate and disaster information to health personnel and communities (p.57) | K26: - In Tharparkar (Sindh), for example, many children died of malnutrition in 2014 after 20 severely reduced rainfall from March 2013 to February 2014. - Although 2.1 million young people (ages 15–24) enter the labour pool every year, many are poorly skilled 110 and will increasingly face greater health risks. (p.63) | M26: - Develop a communication and dissemination strategy for climate-health nexus and implement associated the awareness and prevention campaigns (p.57) | R26: - Ministry of National Health Services Regulations and Coordination (MoNHSR&C); - MoCC&EC; Provincial, Islamabad Capital Territory (ICT), GB and AJK Health Departments | T26: - Support from the World Bank
A27: Popua New Guinea | B27: 2023 | C27: 2023-2028 (p.41) | D27: National | E27: - The rise in temperatures poses a significant risk for public health, as it has led to an increase in the malaria infection rate from 27 per cent to 29–31 per cent in 2015 – mainly due to a shift of endemic and epidemic malaria zones to higher elevations. (p.37) - Around three in every 1,000 children die before the age of five due to diarrheal disease, and it is the cause of about 5 per cent of hospital admissions. A primary driver is the lack of essential clean water supply and sanitation services, and global research relates floods and droughts to increased incidence of diarrheal disease (p.37) | G27: - '- Strengthen malaria advocacy, communication, and social mobilization. (p.41) | H27: - Develop standardized assessment tools to assess health impacts of environment and climate change to obtain comparable data for planning, evaluations, and reporting (p.41) - Conduct vulnerability and adaptation assessments (p.41) - Develop strategies and systems to improve monitoring of health impacts of climate change (p.41) - Rehabilitate and refurbish priority health infrastructure identified to meet the National Health Service Standards (p.41) | I27: - Primary health care and preventive health services, environmental health in emergencies, disaster risk management (p.41) - Strengthen public health systems and climate related disaster preparedness and response capacities (p.41) | J27: - Environmental health in emergencies, disaster risk environmental health in emergencies, disaster risk management in health, communicable and non management in health, communicable and non communicable diseases (p.41) - Strengthen public health systems and climate related disaster preparedness and response capacities. (p.41) | K27: - Around three in every 1,000 children die before the age of five due to diarrheal disease, and it is the cause of about 5 per cent of hospital admissions. A primary driver is the lack of essential clean water supply and sanitation services, and global research relates floods and droughts to increased incidence of diarrheal disease (p.37) | M27: - Strengthen malaria advocacy, communication, and social mobilization. (p.41) | T27: - Support from UNDP
A28: Saint Lucia | B28: 2018 | C28: 2018-2028 | D28: National | E28: “Impacts of more frequent extreme weather events (intense rainfall events, hurricanes, high winds, storm surges): Injuries and deaths resulting from direct hazard impacts on people (e.g. drowning during flooding and from infrastructure or trees striking people) during extreme events. Outbreaks of water-borne and food-borne diseases, such as schistosomiasis and cholera, dengue, leptospirosis and yellow fever, after flooding events. Increased pollution of water sources (sewage, solid waste, industrial/hazardous chemicals/ waste) during flooding episodes could increase the incidence of skin, gastric and multiple other problems associated with the contamination of water and food supplies. Increased levels of malnutrition due to extreme weather events-related declining crop and livestock production, loss of primary incomes and increasing food costs. Higher levels of human exposure to pesticides (including in food content) due to their increased use to control pest infestation after extreme events. Severed access to health services for vulnerable communities during and in the aftermath of extreme weather events (either because transport and communication is cut or because the events directly affect exposed health system infrastructure). Impacts of higher temperatures, prolonged and intense dry episodes and drought: Heat stress and cardio- and cerebrovascular conditions resulting from extreme temperature are likely to increase. Higher temperatures associated with heat waves could alter the geographical distribution of the mosquito species that transmit deadly diseases such as dengue. Aggravated respiratory conditions due to increased air pollution from forest and bushfires during dry and hot periods. Increased concentration of dust and agro-chemical particles transported by wind during dry periods could also exacerbate respiratory problems and cause allergic reactions among other complications. Declining crop yields and livestock production with higher temperatures and dry periods are expected to add to the malnutrition burden in the country.” (p26). | F28: "Decline in human and animal health, with potential for increased loss of life" (p129). | G28: "Map and model high resolution climate-related hazard maps (including landslide, flood and fire hazard maps) and the risk of disease with climate change scenarios to support long-term planning" (p117). "Establish more effective and rapid electronic exchange of surveillance data across sectors." (p118). "Establish a cross-sectoral programme on vector control, with the engagement of the health, planning, agricultural, forestry and environment sectors" (p119). "Improve active laboratory-based disease surveillance and prevention systems" (p121). | H28: "Plan to allow an increase in hospital and nursing home staff during heat- events" (p120). "Strengthening climate-sensitive vector-borne disease public health infrastructure to ensure access to treatment in vulnerable communities" (p121). | I28: "Strengthening climate-sensitive vector-borne disease public health infrastructure to ensure access to treatment in vulnerable communities" (p121). | J28: "Monitor hazard management measures to reduce health risks (e.g. fire breaks, fuel loads, flood management, trees near power lines, etc.)" (p120). | K28: N | L28: Y - “Strengthening climate-sensitive vector-borne disease public health infrastructure to ensure access to treatment in vulnerable communities; Regional assessments of water-related health issues and identification of vulnerable communities” (p121). | M28: Y - "Raise awareness on climate change diseases, the risks associated with living or recreating near vector breeding habitats" (p119). "Implementation of education campaigns on heat reduction/avoidance procedures and management of health impacts" (p120). "Conduct awareness raising campaigns on hygiene, and water-disease after extreme events to vulnerable communities" (p121). | N28: Y - "Study conducted for modelling and mapping the risk of disease under various climate change scenarios, based on improved data, up-to-date climate projections and epidemiological information; results of the study analysed, presented in a report and communicated." (P117). "Improve epidemic forecasting for climate sensitive diseases" (p120). | O28: "Monitor hazard management measures to reduce health risks (e.g. fire breaks, fuel loads, flood management, trees near power lines, etc.)" (p120). | P28: The report gives ‘indicative outputs’ in p117-122. It doesn’t fall into my standard so I didn’t put them here while you may want to double-check. | Q28: Y - Instead of giving a general framework, specific evaluation indicators are given (p117-122). Building and strengthening M&E are discussed several times. | R28: Y - "the Government agency with responsibility for health is the lead institution" (p116) | S28: Importantly, all these actions/measures are "indicative only" because "They have been previously suggested as relevant and/or necessary for adaptation in this sector/area It is expected that they will be refined and expanded when a SASAP for Saint Lucia’s health sector is developed, based on a detailed review of adaptation needs and required responses and multiple stakeholder consultations." (p116).
A29: Saint Vincent and the Grenadines | B29: 2019 | C29: 2018-2030 | D29: National | E29: "water- and vector-borne diseases such as malaria, dengue and leptospirosis” (p39) | F29: N | G29: "provide universal health care that reflects the principles of equity, affordability, quality and cultural acceptance for its citizens" (p45) | H29: N | I29: Build "Small resilient hospitals and national green hospital" (p93). | J29: The report recognised health sector's reponse to climate change is event-based, "there are plans to create a disaster management unit within the sector" (p108). | K29: N | L29: N | M29: N | N29: N | O29: Y | P29: No. CN health (p93) | Q29: Y - General Framework is planned, no health specific one (p81) | R29: No responsible agency idientified, but Ministry of Health, Wellness and the Environment is likely to be the responsible lead agency
A30: Sierra Leone | B30: 2021 | C30: N | D30: National | E30: Respiratory illnesses cause by current way of consuming energy via biomass. Diarrhoeal diseases, seafood poisoning and increases in dangerous pollutants; malaria and malaria-related illnesses; waterborne diseases; increased likelihood of the outbreak of communicable diseases; reduced water quality and disease outbreaks; cholera; food poisoning from consumption of shellfish and reef fish (p30) | F30: N | G30: "Bring economic, social and environmental benefits through the production of charcoal from sustainably sourced feedstock and promotion of improved cookstoves to reduce fuelwood demand, improve health, and reduce GHG emissions" (p41). "Enhance waste management systems at all levels to reduce pollution and greenhouse gas emissions to improve health of both humans and animals and reduce climate change" (p52). "Strengthen integration of climate change adaptation into the health sector" (p52). | H30: N | I30: "Accelerating healthcare delivery" via building infrastructure (p58). | J30: "Improving disaster management governance" (p58). | K30: N | L30: N | M30: N | N30: N | O30: N | P30: N | Q30: N | R30: Y - Ministry of Health and Sanitation (p47)
A31: South Africa | B31: 2020 | C31: N | D31: National | E31: "Quadruple burden of disease; Poor housing, infrastructure and service delivery; Change in distribution of diseases; Catastrophic events may affect the health of the population." (p20) | F31: N | G31: "Launch an enhanced climate change public flagship programme to build a healthier, more resilient society" (p28). | H31: "Equip and capacitate healthcare facilities to manage climate change related health effects and climate-sensitive diseases" (p63). - "Number of emergency response worker trained in climate change related incidences" (P62) "Number of healthcare worker training programmes on health and climate change created; Number of individuals who have received training" (P63). | I31: - "Equip and capacitate emergency response departments, such as health and fire, to prepare for and manage climate related disasters" (p62). | J31: "Early Warning System focused on malaria" (p34); "Improve/develop national early warning systems for key climate vulnerable sectors and risks" (p38); "Equip and capacitate emergency response departments, such as health and fire, to prepare for and manage climate related disasters" (p62). | K31: N | L31: Y - "Identify individuals (male and female) and communities at most risk from climate change within municipalities and deliver targeted climate change vulnerability reduction programmes for these individuals and communities" (p61); "Identification of towns at high risk of heatwaves" (p34). | M31: Y - "Identify individuals (male and female) and communities at most risk from climate change within municipalities and deliver targeted climate change vulnerability reduction programmes for these individuals and communities" (p61). - Number of individuals who have received training" (P63). | N31: Y - "Identification of towns at high risk of heatwaves" including risk identification and investigation on the relationship between heatwaves and hospital admissions (p34). | O31: Y | P31: "Number of emergency response worker trained in climate change related incidences" (P62) "Number of healthcare worker training programmes on health and climate change created; Number of individuals who have received training" (P63). | Q31: Y - specific M&E is given to some health related actions, see p62-63 | R31: Y - many institutions are identified such as DFFE, provincial governments, municipalities, the South African Medical Association (SAMA) (p62-63)
A32: South Sudan | B32: 2021 | C32: N | D32: National | E32: Stunting, malnutrition, injuries and mental health issues. Issues of delievering healthcare. No direct analyses about South Sudan and potential health impacts at the national level so they borrow from WHO's research: Extreme heat contributes to deaths from cardiovascular and respiratory disease; Floods increase water-borne diseases and create breeding grounds for disease carrying insects such as mosquitoes; Changes in climate are likely to lengthen the transmission seasons of important vector-borne diseases and to alter their geographic range; Changes in climate can cause mental health issues, especially among youth, those dependent on agriculture, and internally displaced people; increasing temperatures and heat waves; environmental pollution (p67-68). | F32: Y - Increased potential for pest and disease outbreaks among crops and livestock due to changing temperature and precipitation considerations. ● Delay or shortening of the rainy season causing crop failure or reducing water resources, leading to decreased livestock health. At the same time, increased flooding due to more extreme rainfall events contributes to the loss of grazing areas for pastoralists, whereas more frequent and extended droughts lead to reduced access to water for livestock. ● The combination of drought and high temperatures contributes to wildfires that destroy grazing and agriculture habitats. ● It is expected that all climate change related impacts could intensify local conflicts over land use and resources between and amongst pastoralists and farmers. (p62). | G32: "Mainstream climate change, including future climate scenarios, into health sector strategies, plans and policies" (p102); "Establish partnership to address health threats from climate change" (p103). "Improve animal health systems to reduce the vulnerability of pastoral communities to climate change." (p107). "Develop health hazard forecasting products for early warning based on climate and meteorological data. Develop and implement preparedness and response plans for health threats (e.g., heat waves, diseases)" (p103). | H32: Improve health sector capacities to address climate change related health threats, including conduct vulnerability assessment, mainstram climate change into health sector strategies, establish research and training program, develop action plans and strategies to control infectious diseases and vectors. (p102) - "Establish early warning capabilities for climate change related health threats" (p102); "Establish surveillance system for tracking current and emerging disease risks." (p102). “Develop, disseminate and implement guidance and provide capacity building support to state and local health sector officials on health effects of climate change at national and subnational levels” (p.103) | I32: “Develop low-cost, user friendly blueprints for latrines, hand washing stations and other public facilities to minimize vector promotion of diseases.” (p103). | K32: Y - "Their overall lower social status and lower levels of access to public goods and services (e.g. schooling and lack of access to health care) undermines adaptive capacity, as does high levels of illiteracy among women and discriminatory/marginalizing practices such as early and forced marriage." (p47). | L32: Y - "Develop risk maps to identify areas and populations most susceptible to climate change related health hazards (e.g., heat, disease)." (p102). | M32: Y - “Develop, disseminate and implement guidance and provide capacity building support to state and local health sector officials on health effects of climate change at national and subnational levels”; “Promote climate health education in school curricula.”; “Establish targeted public information and messaging campaign to promote risk reducing behavior change in communities and to raise awareness on climate change induced diseases, with special emphasis on highly vulnerable groups.”; “Build capacity to consider climate change r ed health threats in urban, rural and regional planning.”; “Develop low-cost, user friendly blueprints for latrines, hand washing stations and other public facilities to minimize vector promotion of diseases.” (p103). | N32: Y - "Establish research program to understand the impacts of climate change on the health of vulnerable groups. Establish a training program on climate change related health risks for health sector workers, with special focus on community health workers (CHW). Develop action plans and strategies to control infectious diseases and vectors." (p102). "Expand capacity for modelling and forecasting climate related health effects. Develop risk maps to identify areas and populations most susceptible to climate change related health hazards (e.g., heat, disease)." (P102) | O32: N | P32: I don't think following actions can be seen as the indicators "Develop monitoring guidelines and train CHWs to monitor climate change related health threats." (p102). | Q32: N - M&E is included in the next step (p111) | R32: N | S32: Timelines are given for every actions (p102-104).
A33: Sri Lanka | B33: 2016 | C33: 2016-2025 | D33: National | E33: Diseases that are closely connected with environment and weather patterns. E.g. the seasonal outbreaks of dengue. Spread of vector borne diseases into new areas with changing patterns of local climate such as malaria. Besides, extreme weather conditions may lead to disaster causing injuries and fatalities. Lastly, the change of living and health comfort. (p67) “Increased mortality due to vector borne and pathogenic diseases; Increased morbidity due to vector borne and pathogenic diseases; Reduced capacity of victims for productive work; Increased susceptibility to health hazards among disaster victims; Increased mortality due to diseases and ill-health conditions; Increased morbidity due to diseases and ill-health conditions; Reduced capacity of victims for productive work; high rate of morbidity; Reduced capacity of victims for productive work” (p128-129). | F33: The report talks about pest, parasites and disease, but didn't directly connect it with Human Health (p55). Animal health is discussed in p122, "Minimize the risk of crop and health damage due to biological agents". | G33: "Establishing an efficient climate information and communication system" (p69). "Strengthening the surveillance and monitoring of climateinduced diseases" (p68). "Improvement of monitoring of climate altering pollutants" (p69). | H33: "Capacity development for managing climate-induced disease incidents" (p68). "Capacity development for managing health impacts of climate altering pollutants" (p70). | I33: N | J33: "Improvement of disaster risk preparedness of health related agencies and workers" (p69). | K33: “Demographic information suggests that Sri Lanka has an ageing population which would particularly be vulnerable to climate related health hazards.” (p67). | L33: Y - "Develop a mechanism for dissemination of air pollution levels to the general public in high risk areas" (p70). | M33: Y - "Launch an awareness programme on climate and health risks for Health" (p68); "Increase public awareness on health impacts of pollution" (p70). | N33: Y - "Conducting research studies to assess the risk of climateinduced diseases" (p68). "Conducting research studies to assess health impacts of climate altering pollutants" (p69). "Conducting research studies to assess health impacts of heat/thermal stress" (p70). Amount of money allocated/utilized for doing research (p.68-70) | O33: "Improvement of monitoring of climate altering pollutants" (p69) | P33: “Number of research studies conducted; Amount of money allocated/utilized for doing research; Assessment on the critical factors for controlling climate-induced disease incidents finalized; Number of plausible strategies identified for management of climate-induced disease incidents; Surveillance programme established; Number of vulnerability maps produced; Money allocated for establishing a mechanism for sharing meteorological , clinical and entomological information; Amount of money allocated/spent for Strengthening the alertness of health system against climate-induced disease incidents; Number of awareness programme conducted; Guidelines are developed and published; Amount of money allocated for the development; Number of training programme conducted; Amount of money spent on purchasing laboratory equipment; Amount of money allocated/spent on the activities on the early warning system; Number of activities initiated to strengthen the early warning system; Amount of money allocated/spent on establishment of the mechanism; Number of information sharing workshops conducted; Guidelines are developed and published; Number of awareness workshops conducted; Amount of money allocated/spent on awareness workshops; Amount of money allocated/spent on activities to strengthen the coordination; Number of coordination meetings/workshops between the agencies; Number of research studies conducted; Amount of money allocated/spent on research; Number of treatment procedures and diagnostic tools identified; Amount of money allocated/spent on establishing air quality monitoring facilities in strategic locations; Amount of money spent on establishment of pollution-free transport system; Number of locations where the monitoring systems are established; Amount of money allocated/spent on establishing mechanisms; Amount of money allocated/spent on strengthening the programme; Guidelines are developed; Number of awareness programmes conducted; Number of training programmes conducted; Number of research studies conducted; Amount of money allocated/spent on research studies; Assessments on the diagnostic tools and treatment procedures are completed Number of awareness programmes conducted; Amount of money allocated/spent on awareness activities” (p68-70). | Q33: Y - General Framework is planned, no health specific one (p113-114) | R33: Y - many institutions are identified such as MOH, MRI, NSF, NRC, MFoU/SFoU (p68-70) | S33: Very detailed plan with time plan and budget for the Health section (p149)
A34: State of Palestine | B34: 2016 | C34: N | D34: National | E34: “Major diseases related to water, sanitation, and food” (p21). West Bank: “Inadequate water supplies, either in quantity or quality, may increase risk of waterborne illnesses, such as diarrhoea, typhoid, hepatitis, dysentery, giardiasis, bilharzia, and cholera. Communicable diseases, such as hepatitis, are the most prevalent and most serious. Although epidemiological data in the West Bank is patchy, anecdotal evidence suggests that there is a high-incidence of water-borne diseases leading to substantial costs and losses. In a Palestinian Hydrology Group (PHG) survey, more than 20% of all communities reported that at least 1% of the population had water-related health problems. Diarrheal diseases are significant causes of morbidity in infants and children in the State of Palestine. 44% of children from herder and Bedouin communities in Area C suffer from diarrhoea. Lack of water and highly saline water can also result in kidney dysfunction or failure; a situation exacerbated by hot weather. Reduced dilution of contaminants in water ingested can have long-term consequences for health, e.g. nitrate concentrations can increase anaemia and induce spontaneous abortion. Floods can disrupt basic sanitation systems, promoting disease outbreaks via the faecal-oral route and the likelihood of vector-borne diseases through expansion of the number and range of vector habitats. The climate sensitivity of domestic food production can lead to food shortages and resultant malnutrition amongst low-income households. Mounting pressure on freshwater resources is leading to increased use of wastewater for irrigation in the West Bank, which if improperly treated can present health risks to farmers and consumers. Weather conditions, including temperature, humidity, and wind, affect the impact of anthropogenic sources of pollutants on ambient air quality and increase ambient concentrations of allergens and suspended particulate matter (including pollen and dust), and ground-level ozone, all of which can exacerbate respiratory illnesses. Extreme weather events can also lead to a range of psychological impacts due to loss, social disruption, displacement, and repeated exposure to natural disasters.” (p33). “General issues concerning the climate sensitivity of major diseases in relation to water, sanitation and food identified in relation to the West Bank also apply to the Gaza Strip. The Coastal Aquifer is the Gaza Strip’s sole source of freshwater and is currently facing a serious challenge in terms of quantity and quality. Only 3.8% of domestic water meets World Health Organization (WHO) standards. Between 90% and 95% of drinking water is contaminated by sewage, and there is increasing incidence of water-borne diseases, particularly hepatitis, meningitis, and typhoid. Contamination of water by microbes (including faecal coliforms and faecal streptococcus) increases at each point the process of water supply. Inadequate water for hygiene purposes is also known to be a significant cause of diarrhoea in children under five. Intestinal parasites, both helminths (worms) and protozoa, infect children throughout the Gaza Strip. The level of infestation is still high in some locations, particularly in agricultural communities and near sewage-treatment ponds, despite implementation of control measures many decades ago. Other sanitary-related diseases, such as skin diseases, are increasing, especially in areas with inadequate water supply. Water-related diseases account for approximately 26% of disease in the Gaza Strip and are the primary cause of child morbidity. In 2009, diarrhoea was the cause of 12% of infant and young child deaths in the Gaza strip, despite being preventable and easily treated. A range of chemicals are found in drinking water at concentrations that far exceed WHO and Palestinian Water Authority Guidelines. Nitrate and chloride levels are as much as six times the levels set by WHO. Elevated nitrate levels risk poisoning infants under six months old. High concentrations of fluoride are also toxic and may result in gastroenteritis, acute kidney poisoning, and various degrees of liver and heart damage.” (p34). | F34: N | G34: “Development of water, food and sanitation monitoring and safety systems using high technology” (p194) | H34: “Training health professionals and increasing the awareness of people, particularly women, in water-poor areas about measures they can take to help prevent major diseases related to water, sanitation, and food” (p195). | I34: "The Palestinian government has launched a regional sanitary landfill (Deir-El-Balah),which helps to reduce risks to health and the environment caused by random dumpsites, which are commonly spread throughout the Gaza Strip." (p40). | J34: N | K34: The report constantly discusses West Bank and Gaza Strip separately. West Bank: “Drought or flooding, as well as long-term incremental changes in rainfall patterns and temperatures that also lead to changes in ecosystems, have important gender-differentiated impacts on all aspects of human livelihoods, activities and health. Due to a lack of safe drinking water and sanitation services, the health of women and children, in particular, is being adversely affected. Water shortages and sanitation problems cause particularly acute problems for women, increasing domestic work burdens and the incidence of water-borne diseases among family members.” (p31). “Restrictions on movement imposed by Israel continue to impede access to health care, more particularly for women and children in Area C.” (p32). “Mounting pressure on freshwater resources is leading to increased use of wastewater for irrigation in the West Bank, which if improperly treated can present health risks to farmers and consumers.” (p33). “The situation would be exacerbated by increased rainfall and could lead to industrial production being interrupted due to water being cut-off or unavailable or to industrial workers suffering health problems.” (p35). Gaza Strip: “Women are major contributors to water management, while at the same time suffering disproportionately from the impacts of water shortages or changes in agriculture.” (p32). | L34: Y - “Increasing the awareness of people, particularly women, in water-poor areas of measures they can take to help prevent major diseases related to water, sanitation, and food”; “Encouraging women to use their house gardens to produce food”; “Training health professionals and increasing the awareness of people, particularly women, in water-poor areas about measures they can take to help prevent major diseases related to water, sanitation, and food” (p194-195). | M34: Y - “Increasing the awareness of people, particularly women, in water-poor areas of measures they can take to help prevent major diseases related to water, sanitation, and food” (p194-195). | N34: N | O34: N | P34: Below ‘adaptation option’ comes with specific timeline and cost. I DON'T THINK THERE ARE INDICATORS. PLEASE FEEL FREE TO DELETE THEM. “Increasing the awareness of people, particularly women, in water-poor areas of measures they can take to help prevent major diseases related to water, sanitation, and food”; “Encouraging women to use their house gardens to produce food”; “Development of water, food and sanitation monitoring and safety systems using high technology”; “Training health professionals and increasing the awareness of people, particularly women, in water-poor areas about measures they can take to help prevent major diseases related to water, sanitation, and food” (p194-195). | Q34: Y - Although the releavent selecting points for M&E are given, the discussion is vague and limited (p62) | R34: No responsible agency idientified but Ministry of Health is mentioned in the report in p53 and p104 | S34: ‘adaptation option’ comes with specific timeline and cost (p194-195).
A35: Sudan | B35: 2016 | C35: - Evaluation of NAP implementation and necessary updates are recommended (p.52) | D35: State (p.8) | E35: - Spread of malaria, yellow fever and cholera - The potential appearance of new skin diseases, such as Jarab (p.17) - Increasing temperatures threaten to accelerate and extend the spread dengue fever and malaria (p.20) - Waterborne diseases (malaria, giardiasis, cholera, dysentery, and parasitic infection like schistosomiasis) due to shortage of water as well as poor water quality (p.23) - Health risks of new skin diseases (p.25) | G35: - Supporting family and school health programmes (p.57) - Building institutional capacities (p.63) - Partnerships to coordinate with partner agencies within the UN system (p.76) - Improving legislation (p.83) | H35: - Adaptation in the health sector should include capacity building among rural health personnel (p.15,28) - Building capacities of health cadres (p.57) - Early warning of the Spread of disease vectors (p.94) | I35: - Adaptation in the health sector should include installation of rural health centers (p.15,58) which are well equipped with qualified medical cadres (p.80), and dispensaries (p.58) - Increased access to standard vaccines (p.15, 78) - Proper solid waste disposal, and construction of communal latrines and water treatment plants (p.20) and provision of water quality testing equipments (p.58) - Ensuring access to safe drinking water (p.29) - '- Vaccination campaigns for key preventable diseases such as schistosomiasis (p.24) - Ensuring adequate treatment supplies for vector-borne diseases (p.25) - Improving primary health care services and providing services for a healthy environment (p.55) - Rehabilitation of rangelandsand afforestation (p.94) | J35: - Early warning and response to health emergencies (p.63) - Medicines stock during disasters & emergency (p.94) | L35: - Adaptation in the health sector should focus particularly on among children (p.13) - Awareness raising of women on hygiene, environmental health and harmful social practices (p.81) | M35: - Adaptation in the health sector should include rural public health awareness programmes regarding measures to protect against community diseases and vectors (p.13,25,57) | N35: - entomological survey to offset dengue fever and malaria (p.20) - Research on climate vector-borne diseases (p.97) | S35: - Cost estimate is prepared for 5-year adaptation measures (p.64-65) | T35: - Technical and financial support from UNEP Sudan office and DFID UK (p.iv) | U35: - Improving legislation (p.83)
A36: Suriname | B36: 2019 | C36: - 10 year (2019-2029) | D36: National | E36: - Malaria, yellow fever and dengue fever highlighted to occur as a consequence of climate change (p.108) - phrase "vector borne diseases" mentioned (p.108) - phrase "dangers of prolonged heat stress" mentioned (p.109) - Idenfitied health risks due to rising temperature are increase in numbers of existing microorganisms including pathogens and disease vectors, development of new pathogens, and increase in mortalities (p.164) - Identified health risk due to changes in precipitation are increases in vector-borne diseases (malaria, dengue), increases upper (nasal area and throat) and lower (respiratory tract and lungs) respiratory illnesses, an increases in incidents of diarrhoea and in the likelihood of cholera outbreaks (p.164) | G36: - Strengthening technical and professional capacity of health personnel, organizational capacity of health systems, and their institutional capacity to work with others for the surveillance, prevention and control of vector borne diseases (p.108) “Introduce Early Disease Warning Systems that consider temperature signatures for vector borne diseases and other diseases.” (p110). - Technology employed to understand geographic and seasonal distribution of health risks and outcomes (i.e. risk mapping) tracked” (p64) - Expansion of preventative care programs - Foster collaboration and partnerships, especially ... between related departments and units (p.108) | H36: - Strengthening of technical and professional capacity of health personnel (p.108) - Introduce Early Disease Warning Systems that consider temperature signatures for vector borne diseases and other diseases (p.110) - Provide information to the public on climate related vector-borne diseases (p.109) (communication related) | I36: - Establish medical centers near potential risk zones (p.109) | J36: - One of the indicative outputs of health adaptation stretegy: "monitoring indicators on emergency preparedness capacity" (p.110) - National Health Disaster Plan have been developed (p168) | K36: - highly vulnerable population: in the low coastal area, in isolated and remote areas in the hinterlands, low-income population, and people with poor health, infants, and the elderly (p.164) | M36: - Conduct a public-awareness campaign on climate related health impacts and provide information to the public on climate related vector-borne diseases (p.109) | N36: - Keep abreast of the latest scientific and medical findings and evidence related to the spread of disease likely caused by climatic changes (p.108) - Stimulate national health research and conduct a continuous programme for monitoring diseases that have been highlighted with a climate change signal for Suriname (p.108) | O36: - 15 key performance indicators with achivement schedule included (p.62-63) - a continuous programme for monitoring diseases that have been highlighted with a climate change signal for Suriname (p.108) | P36: - Expansion of preventative care programs - Area of country monitored - Reduced frequency and intensity of outbreaks - Capacity assessment of healthcare system implemented - Number of foreign-local linkages - Health care professionals trained in climate and health related areas - Engagement between practitioners and communities - Increase in public awareness - Public access to feedback mechanisms - Health and climate risk maps developed | R36: - It is stated that "The Central Training for Nurses and those in related professions (COVAB) and youth dental care are governed by the Ministry of Health" (p.162), but nowhere is mentioned that this ministry will be responsible for NAP's health plan. | S36: - Health and education sectors are considered foundation sectors upon which all other sectors depend for long term resilience against climate change (p.160) | T36: - Supported by the Government of Japan, through the United Nations Development Programme’s Japan-Caribbean Climate Change Partnership (UNDP JCCCP) - National workshop consultations conducted during NAP prepration (p.24)
A37: Timor-Leste | B37: 2021 - Date posted on UNCC's website | C37: 2020-2030 | D37: National | E37: “Increasing temperature will increase heat-related illness and mortality, and could lead to the spread of vector-borne diseases. Increased disaster frequency and intensity has a range of implications for health. Climate impacts on agricultural productivity will indirectly impact health by threatening food security.” (p7). “The most common health risks posed by climate change in Timor-Leste include vector-borne diseases such as malaria and dengue fever, heat-related mortality, undernutrition, diarrheal diseases, and disruption to healthcare services due to extreme weather events (MoH and WHO 2018). More variable and extreme humidity and temperatures have been linked to heat stress and more severe respiratory infections, such as pneumonia and upper respiratory tract infections (MoH and WHO 2018). Public health is also indirectly impacted by climate change processes due to direct impact on other sectors. For example, changing environmental conditions can lead to an increased risk of crop failure and livestock mortality in the agricultural sector, which can undermine food security and increase rates of malnutrition. Currently in Timor-Leste, it is estimated that 70 children under the age of 5 die every day because of diarrheal illnesses caused by poor water and sanitation” (p30). | F37: “Support assessments and mapping of the occurrences of adverse impacts of climate change on the productivity and health of livestock such as diseases, reduced milk production, lowered birth rates, increased pest attack and reduced body mass of the livestock and poultry because of increases in temperature, drought, and/or flooding.” (p77). “Facilitate national level, local level and transboundary dialogue to explore the solutions to adapt to and combat the negative impacts of climate change on the health and productivity of livestock.” (p78). | G37: “Improving public health services to deal with climate related public health issues; Develop a health database and data management system which includes climate sensitive health risk and vulnerability information to facilitate effective, targeted and efficient delivery of health services; Establishing surveillance for health early warning systems and response mechanisms for climate-related health risks” (pxiii). “Integrate Climate Change considerations into Health Sector Planning and Regulatory Frameworks”; “Improve Health Sector Capacities for Managing Climate Risks” (p45). “Establish and capacitate municipal-level climate change tasks forces that build on existing municipal structures (e.g. health, disaster risk management, agriculture).” (p61). “Reviewing all existing guidelines, standard operating procedures to consider climate change and its adverse effects; Review all existing guidelines and Standard Operating Procedures (SOPs) considering climate change and its adverse effects; Support preparation of ―Health Risk and Preparedness Map‖ in relation to different climate risks, magnitude of existing and potential health risks due to each type of climate risk and existing and planned public health service delivery capacity at the national, sub-national and local levels; In close collaboration with national and subnational health service delivery units and Comprehensive Primary Health Care system which includes Family Health and SISCA, establish surveillance and response mechanisms to deal with climate related public health issues; Coordinate with the Ministry of Health to integrate climate change adaptation and mitigation in health sector policies including WASH priorities; Establishing a health cluster in order to prepare for and respond to emergency events and disasters; Integrated disease surveillance and early warning systems; Mainstreaming and implementation of climate change into the Comprehensive Primary health Care System; ” (p74-75). | H37: “Mainstreaming and implementation of climate change into the Comprehensive Primary health Care System; Enhance the capacity of the health sector and communities to anticipate and respond to changes in distribution of endemic and epidemic climate-sensitive diseases, and reduce the vulnerability to infection of population in areas at risk from expansion of climate-related diseases; Create awareness among the health service providers at all levels on the different types of health risks associated with different types of climate risks and the different coping and adaptation measures so that these coping strategies could be communicated to the vulnerable populations; Prepare the health workers, institutions, and communities on the prevention and response mechanisms to be adopted related to different diseases and health challenges exacerbated by climate change; Support the development of health database and data management systems which includes climate sensitive health risk and vulnerability information to facilitate effective, targeted and efficient delivery of health services; Advocate establishing specialized public health service units well equipped and well trained to respond to health issues during climate induced disasters.” (p75-76). | I37: - Recommend appropriate infrastructure development priorities such as access to water, irrigation canals, roads, health facilities among others to help enhance community resilience” (p71). | J37: “Establishing a health cluster in order to prepare for and respond to emergency events and disasters” (p75). | K37: “Gender Considerations in the Health Sector. Though much progress has been made on improving women‘s health over the past decades, overall indicators suggest that in general women‘s health remains poor, particularly in rural areas and amongst poorer women. Women face many barriers in accessing health care information and services, including long travel times to health facilities, poor roads and transport, and cultural norms discouraging them from leaving home to seek healthcare (Indevia 2018).” (p30). “Currently in Timor-Leste, it is estimated that 70 children under the age of 5 die every day because of diarrheal illnesses caused by poor water and sanitation” (p30). | L37: “Establish and capacitate municipal-level climate change tasks forces that build on existing municipal structures (e.g. health, disaster risk management, agriculture).” (p61). “Identify the most climate vulnerable communities and the underlying factors contributing to their vulnerability and recommend appropriate infrastructure development priorities such as access to water, irrigation canals, roads, health facilities among others to help enhance community resilience” (p71). | M37: N | N37: N | O37: N | P37: N | Q37: N - It seems the country aimed to develop a general M&E in 2021-22. No indicators are given. (p62 and p66). | R37: MoH; UNTL; Responsible Ministry of/for Environment (p45). NDCC, Municipal governments (p61). Responsible Ministry for Infrastructure, MAP and Environment (p71). Ministry of Health + Environment; Ministry of Health supported by UNTL + Environment; Ministry of Health and Environment/NDCC (p74-76). Ministry of Agriculture and Fisheries and UNTL (p77). Ministry of Agriculture and Ministry of Health (p78).
A38: Tonga | B38: 2018 | C38: 2018-2028 | D38: National | E38: Dengue fever, Zika virus and Chikungunya are transmitted by Aedes aegypti mosquitoes. With increasing rainfall and increased settlement of Tongans from outer islands to swampy areas of Nuku’alofa, the spread of dengue fever reached epidemic proportions in 2014 and 2016. While the majority of people in Tonga have access to safe drinking water, this can be compromised during droughts, when water availability becomes limited, particularly in rural areas and outer islands. Saltwater is increasingly contaminating Tonga’s freshwater groundwater lenses, particularly on low-lying islands with shallow and thin groundwater lenses. Rising sea level stands to exacerbate the contamination and increase the impact on communities relying on these groundwater supplies. (p7-8). | F38: N | G38: N | H38: N | I38: N | J38: N | K38: With increasing rainfall and increased settlement of Tongans from outer islands to swampy areas of Nuku’alofa, the spread of dengue fever reached epidemic proportions in 2014 and 2016. While the majority of people in Tonga have access to safe drinking water, this can be compromised during droughts, when water availability becomes limited, particularly in rural areas and outer islands. Saltwater is increasingly contaminating Tonga’s freshwater groundwater lenses, particularly on low-lying islands with shallow and thin groundwater lenses. Rising sea level stands to exacerbate the contamination and increase the impact on communities relying on these groundwater supplies. (p7-8). | L38: N | M38: N | N38: N | O38: N - “A comprehensive monitoring and evaluation plan for the JNAP 2 will be developed and implemented by the monitoring and evaluation officer … The monitoring and evaluation plan will cover the full 10 year duration of the JNAP 2 with provision for at least two progress reviews.” (p48). | P38: N | Q38: N - “A comprehensive monitoring and evaluation plan for the JNAP 2 will be developed and implemented by the monitoring and evaluation officer … The monitoring and evaluation plan will cover the full 10 year duration of the JNAP 2 with provision for at least two progress reviews.” (p48). | R38: N | S38: Texts of this document are unsearchable; I read key chapters while there is still the possibility that I missed something. Tonga doesn't talk about the NAP in every section. Instead, it emphasises what's the adaption plan across sections. For example, the 'need' to build infrastructure to counter climate change but no specific details. - Tonga's document is still suggesting to develop sector specific plans (p.57 1.3.1, 1.3.2)
A39: Uruguay | B39: 2019 | C39: N | D39: National | E39: N | F39: N | G39: N | H39: N | I39: N | J39: N | K39: N | L39: N | M39: N | N39: N | O39: N | P39: N | Q39: N | R39: N | S39: Uruguay only submited the NAP for Agriculture. The NAPs for Energy and for Health are in initial stages of development (p3).
A40: Zambia | B40: 2023 | E40: - Increased incidence of climate-sensitive diseases, water-borne diseases (diarrhoeas: cholera, dysentery and typhoid); vector-borne (Malaria) and airborne respiratory conditions (p.25) | G40: - Strengthening of surveillance activities (Tracking of diseases and trends related to climate change) (p.25) - Promotion of health insurance (p.27) | H40: - Design and construct climate proofed infrastructure for health services (p.45) | J40: - Strengthening public health emergency preparedness and response to climate sensitive diseases (p.25) | M40: - Implement health promotion activities (p.26) | N40: - Research in climate sensitive diseases (p.26) | T40: - Financial and technical support from the Green Climate Fund (GCF) and the Global Water Partnership (GWP)

Sheet DataForAnalysis
A1: Ajay working - Everything Ajay has done is yellow-highlighted. | B1: Red Text - recheck needed to identify the best-fitted column for the red text or questions that need to be solved | D1: This color highlight - unfinished
A2: Country Name | B2: Published Year | C2: Planned Period | D2: Jurisdictional Level (national/state/provincial/local) (I think we don't need this variable. I believe every NAP covers national jurisdiction - excep that Sudan NAP is at state level) | E2: Key Health Impacts/Vulnerabilities Identified (I have also included vulnerabiliyt in terms of lack of health service, medicines, etc.) | F2: Animal-related Health Issues | G2: Adaptation Strategy for Health Sector - Health System Resilience (Prevention, what maintains a healthy population) (I assume that this variable is about institutional response [strategy/law/policy and organization] related to health risks) | H2: Adaptation Strategy for Health Sector - Health infrastructure (1. Data and information systems; 2. Health workforce and planning; 3. Public health organisations (I think we can put organization under previous variable which I believe is about institutions: strategy/law and organization) | I2: Additional adaptation options for health-related infrastructure (such as sanitary infrastructure) and service | J2: Adaption Strategy for Health Sector - Emergencies or disasters | K2: Situation-desriptions for Specific Target Groups (e.g. target groups, women, youth, rural, remote) (Y/N) | L2: Adaptation Actions for Specific Target Groups (e.g. target groups, women, youth, rural, remote) (Y/N) | M2: Improve public awareness (Y/N) | N2: Improve/increase Knowledge and research capacity | O2: Monitoring of health related indicators | P2: Description of Health related indicators | Q2: Full framework or specific evaluations plan (Y/N) | R2: Responsible Lead Agency / Ministry | S2: Comments | T2: Preparation Process | U2: What regulatory framework supports this NAP?/ Health plans of NAP supported by regulatory frameworks
A3: Albania | B3: 2021- Date posted on UNCC's website | C3: N | D3: National | E3: Heat wave, Vector increase (p2) “There has been increased heat- as well as cold-related mortality in some regions as a result of climate changes. Local changes in temperature and rainfall have altered the distribution of some waterborne illnesses and disease vectors.” (p15); "air quality related health problems (respiratory diseases) might be aggravated in the main cities of Albania and in particular in the capital of Albania." (p63) - The Albanian NAP started already with several process like steps taking also orientation from the NAP Technical Guidelines: Assessing climate vulnerabilities: Based on vulnerability assessments conducted for Albania’s National Communications to UNFCCC (First, Second and Third) and sector specific vulnerability studies for... health (2011) (p.46) | F3: N | G3: The country developed a specific ‘Health and climate change adaptation strategy’ and is trying to not only mainstream climate change adaptation into health policies but also implement the strategy in the Health Sector (p27). “Apply best approaches for vector control, public health measures and preparedness for extreme events (heat waves).” (p34) "Goal 1: Implementation for selected health measures of relevance to climate change impacts is enhance with special focus on vector control, public health measures and preparedness for extreme events (heat waves)." (p63); "Adapt health sector policies for health facility construction. (2015-2021)" (p63); "Adapt the existing surveillance systems on vector borne diseases. (2013-2021); Continuously assure the quality of the new surveillance and the feed-back reports related to it. (2014- 2021); Support Municipalities and Local Directories of Public health on sanitation continuously. (2013-2021)” (p64) | H3: Potentially, “Capacity development for health institutions” (p34) "Provide training sessions to selected health professionals.(2013- 2021)." (p63) Capacity development for multi-perpective health institutions. "Support with training and information Directories of Public Health and Municipalities. (2013-2021)" (p63) | I3: - Adapt health sector policies for health facility construction (2015-2021) (p.64) | J3: "The National Civil Emergency Plan draws together and clarifies the roles and responsibilities of all public and private stakeholders. This aims to channel the flow of relevant information, to strengthen decision making, and through coordination, to reinforce the capacity to respond through all phases of the disaster cycle." (p27); "Support Food Authority with training for food safety laboratories and risk assessment. (2013 – 2018)" (p64) | K3: N | L3: N | M3: Y - Potentially, “Public awareness + training” (p34); "Public Awareness of climate change impacts on health - Include health related impacts from climate change into awareness campaigns under Priority Action No. 6." (p63); "Inform communities timely and systematically about possible heat waves. (2012-2021)" (p63) | N3: Y - Potentially, “Capacity development for health institutions” (p34); "Improve the research and also livestock management, nutrition, and health under a changing climate" (p62); "Strengthen capacities at Institute of Public Health for entomological laboratory and entomological research. (2013-2021)" (p64) | O3: Y | P3: "Indicator 1.1: Climate related campaigns include health related climate impacts. o Indicator 1.2: Preparedness for extreme climate events is enhanced through early warning systems and primary health care facilities. o Indicator 1.3: Surveillance and prevention measures against communicable diseases caused by climate change are improved." (p63) | Q3: Y - The comprehensive M&E principles and steps are given, no specific one for the Health sector; it's worth noting that the country does well in checking, reporting, and updating (p111). | R3: MoH IPH IGJEUM National Food Authority (p34); Institute of Public Health (IPH) Ministry of Education and Science Faculty of Medicine IGEWE Environmental Agency Institute of food safety and veterinary research (ISUV), Food Authority (FA) Directories of Public Health (p64) | S3: - Total cost estimated for health sector 145 million ALL (~USD 1.3 million) - National budget 73 million ALL (~USD 0.7 million) - Other sectors related to health such as water resources has also estimated cost for NAP implementation (p.28)
A4: Armenia | B4: 2021 | C4: 2021-2025 | D4: National | E4: "High frequency and magnitude of hazardous hydrometeorological phenomena (HHP) are characteristic for Armenia, which trigger droughts, landslides, mudslides, forest fires etc." (p7) | F4: N | G4: "Development of the draft RA Government Decree “On approval of the climate change adaptation plan for the healthcare sector” and submission to the office of the RA Prime Minister" (p29) | H4: N | I4: N | J4: N | K4: "Poverty is exacerbated by an unemployment rate of 28.6%, and an unequal distribution of gendered poverty. Because of their financial and social situations, the population groups living below the poverty line are vulnerable to different aspects of CC, such as extreme temperatures (high and low), bad weather and more frequent natural disasters. Combined analysis of Armenia’s historical data on droughts, soil erosion and other natural disasters shows that rural low-income communities are particularly vulnerable to the impacts of CC due to heightened water insecurity, increased health risks, reduced agricultural productivity and increased incidences of HHP" (p7) | L4: N | M4: N | N4: N | O4: Y | P4: "CCA [climate change adaptation] considerations are integrated into the strategic development process of the healthcare sector" (p29) | Q4: Y - Although "Monitoring and evaluation for adaptation (hereinafter - AME) does not currently exist in the country" (p7), the report gives a brief ME advices (p23) | R4: Ministry of Healthcare of the RA (p29) | S4: - Total cost estimated for health sector 30 million AMD (~USD 77,500) | U4: - "Development of the draft RA Government Decree “On approval of the climate change adaptation plan for the healthcare sector” and submission to the office of the RA Prime Minister" (p29)
A5: Armenia | B5: 2021 | C5: - 5 years (2021-2025) - It is anticipated that the adaptation measures presented in the NAP will be implemented or at least initiated during the 2021-2025 period (p.21) | D5: National | E5: - One of the seven sectors identified with particular adaptation needs is 'human health' (p.12) | G5: - (rather than having detailed provision in NAP itself) the NAP states that the National Action Program of Adaptation to Climate Change serves as a roadmap for ensuring the mainstreaming of adaptation and implementation of the NAP in the sector policy (p.5) - The vision underlying the NAP process is that all government-policy sectors considered vulnerable to the impacts of CC, including health will incorporate climate change adaptation considerations (p.14) - Climate change adaptation considerations are to be integrated into the strategic development process of the healthcare sector by 2022, 2nd trimester (p.29) - Source of fund - AMD 30,000: Sources not prohibited by legislation (inter-national donor organizations) (p.29) | K5: - Rural low-income communities are particularly vulnerable to the impacts of climate change due to increased health risks (p.7) | Q5: - not particularly related to health | R5: - Ministry of Healthcare (performer) and Ministry of Environment (co-performer) (p.29) | S5: - While talking about climate change impact in general, health is also mentioned in NAP, but does not have dedicated plans for this - The NAP is not designed to replace existing planning processes, rather to complement them. It does not prescribe how sectors and marzes should or will conduct their policy and planning processes, but provides guidance on good practice (p.15) | T5: - Funding of the Green Climate Fund and support of the UNDP | U5: - Formulation of the NAP process has been directed by three Government Decrees (p.12) - Development of the draft RA Government Decree “On approval of the climate change adaptation plan for the healthcare sector” and submission to the office of the RA Prime Minister" (p29)
A6: Bangladesh
A7: Bosnia and Herzegovina | B7: 2021 | C7: short-term (2020-2023) medium-term (2023-2027) long-term (2025-2030) | D7: National | E7: - Blood pressure oscillations (p.52) - Cardiovascular and neurological problems (p.52) - Spread of water-borne diseases (p.52) - Food-borne, water-borne and vector-borne diseases (p.53) - An increase in the number of strokes by type of bleeding (p.53) | G7: - Development of legislation on work in extreme climatic conditions (p.67) - Priority interventions include better management of environmental determinants of health (such as water supply and sanitation) (p.54) | H7: - Establishing effective statistical monitoring of climate change-related pathologies (p.67) - Training to staff (p.67) - Building the capacity of public health institutes and emergency departments (p.67) | J7: - Building the capacity of public health institutes and emergency departments (p. 67) | K7: - Vulnerable groups identified (chronic patients, the elderly) (p.52) (children, pregnant women, the elderly, people prone to allergies) (p.53) - Underdeveloped and small local communities without adequate primary health care facilities (p.53) | M7: - Raising awareness and informing the population about the impact of climate change on human health (p.68) | N7: - NAP recommends that future studies should examine the link between climatic extremes and heart attack, chronic obstructive pulmonary disease, arrhythmias and respiratory diseases (p.53) - Making a study into new diseases caused by climate change (p.68) - Examining bioclimatic impacts on human health (p.68) - Examining the impact of allergens on human health (p.69) - Making a study into new diseases caused by climate change (p.68) supported by funding of 250 BAM | O7: - Establishing effective statistical monitoring of climate change-related pathologies (with prior training of staff) (p.67) - Monitoring of the quality of drinking water in rural areas (p.68) - Deaths related to flooding (p.91) - Mortality due to extreme temperatures (p.91) - Number of people requiring interventions against neglected tropical diseases (p.92) - Mortality rate attributed to cardiovascular disease, cancer, diabetes or chronic respiratory disease (p.92) - Vector-borne disease-prevalence: Ixodes ricinus ticks, aedes albopictus, west Nile virus infections, chikungunya transmission (p.93) - Time series of vibriosis infections (except cholera) (p.93) | P7: - Potential indicators in terms of climate impacts on health, recommended adaptation action, and expected adaptation results based on international experiences and practices have been listed (p.119) | R7: - Various government institutions (p.67-69) so we could say that collaboration would be there. - Public Health Institute of Republika Srpska, Ministry of Health and Social Welfare of Republika Srpska, Public Health Institute of Federation BiH (Public Health Institutes) and Ministry of Health of Federation BiH-for data related to health (p.99) | S7: - Health sector adaptation cost estimate 15.1 million BAM (~ USD 8.2 million) (p.67-69) - Other sector such as water has also cost estimated for adaptation: "monitoring of the quality of drinking water in rural areas" (p.68) | T7: - Prepared with a support from GCF and UNDP (p.7) | U7: - The current legislative framework in Bosnia and Herzegovina does not provide a sufficient basis to adequately address climate change impacts (p.12) '- Development of legislation on work in extreme climatic conditions (p.67)
A8: Brazil | B8: 2016 | G8: "Establish a study, research, monitoring and communication network on climate and health, with a view to expanding technical-scientific knowledge and inputs for healthstatus analysis and for consolidated decision-making of the Unified Health System (SUS)" (p34) | I8: N | O8: Y | S8: Rather than just describe the NAP in health sectore, the report illustarte how the government understand this issue.
A9: Brazil | B9: 2016 | C9: 2017-2040 | D9: National | E9: - Detailed assessment of vulnerabilities and impacts on health has been done in NAP (p.168-169) - People's exposure to disasters (Flooding and drought), air pollution, reduced capacity and quality of water resources, and climate-sensitive infectious diseases is considered (p.168-169) - Determinants of vulneraibility are considered as environmental conditioning agent and socioeconomic conditioning agent (p.168-173) - Effects on population and unified health system are identified (p.168-173) | G9: - Strengthening of the inter-sectoral and inter-institutional coordination (p.175,178) - Strengthen implementation of the national policy for sanitation and health (p.180) - Strengthen health surveillance for identification of humanhealth risks associated with climate change (p.180) - Establish a study, research, monitoring and communication network on climate and health, with a view to expanding technical scientific knowledge and inputs for healthstatus analysis and for consolidated decisionmaking of the Unified Health System (SUS) (p.182) | H9: - Improvement of the quality of information and processes for risk reporting to assist with SUS activities in public-health emergencies associated with climate change (p.177) - Promotion of capacity-building and actions to raise awareness of the population and of SUS professionals on the effects of climate change on human health (p.178) - Provision of data and information for knowledge production, technology transfers and actions (p.178) | I9: - Fostering of sustainable, resilient and secure infrastructure for public healthcare and supplementary health facilities | J9: - Improvement of the quality of information and processes for risk reporting to assist with SUS activities in public-health emergencies associated with climate change (p.177) - Identify etiological causes in health-emergency associated cases (p.180) | K9: - NAP states that "setting adaptive measures for health requires a multidisciplinary approach that takes into account vulnerabilities stemming from different economic sectors and from such characteristics as climate, geography, vegetation, economy, culture, social models and epidemiological profiles of each of Brazil’s regions that may pose health risks to humans" (p.175) - NAP illustrates the relationship between sectoral actions and reduction of socio-environmental vulnerabilities, and demonstrates the need for crosscutting approaches for improvement of public policies (p.177) | L9: - Formulation of specific policies to increase resilience of social groups with greater vulnerability to climate change in rural areas, wetlands, and among forest populations, indigenous peoples and the homeless (p.179) | M9: - Promotion of capacity-building and actions to raise awareness of the population and of SUS professionals on the effects of climate change on human health (p.178) | N9: - Promotion of studies and research on the effects of climate change on human health, considering traditional knowledge, regional characteristics and ecosystems when constructing knowledge (p.177) - Establish centres for studies and research on climate and health within the Unified Health System (p.182) | O9: - Expand the scope of the National Drinking Water Quality Surveillance Program (VIGIAGUA) to reach 85% of Brazilian municipalities, by 2019 (p.181) - Establish a study, research, monitoring and communication network on climate and health, with a view to expanding technical scientific knowledge and inputs for health status analysis and for consolidated decision making of the Unified Health System (SUS) (p.182) | P9: - Percentage of municipalities with information on registration, control and surveillance of drinking-water quality recorded on SISAGUA (p.181) - Network established and consolidated - Cooperation agreement drafted and implemented. - Network project drafted. - CITISAS project drafted. - Protocol for monitoring public-health emergencies integrated with analysis of climatic, environmental and socioeconomic risk drafted. - Panel for strategic information on climate and health established. - Integration Centre for Health, Environment and Sustainability Technologies established (p.182) | R9: - Ministry of Health’s Secretariat for Health Surveillance | T9: - Prepared by the Executive Group of the Inter-ministerial Committee on Climate Change (GEx-CIM) - Participation of federarl and state governments, civil society, private sectors | U9: - Health plan (alongwith other sectoral plans) for Mitigation of and Adaptation to Climate Change are contemplated by Law 12187, of 2009 and Decree 7390, of 2010 (footnote on p.20)
A10: Burkina Faso | B10: 2015 | C10: N | D10: National | E10: “Famine and its nutrition impacts: inability to maintain a proper diet throughout the year. Some farmers eat just one meal a day at critical times of the year and this impacts on the health and diet of the population.” (p40); “As far as vulnerability to climate change of the health sector is concerned, the main impact will be from climate-sensitive diseases following meteorological events.”; “Damage caused by excessive rainfall, especially floods, may pose a risk to public health due to the precarious condition of water works and a gradual deterioration in the quality of water, causing outbreaks of water-borne diseases such as cholera, dysentery and salmonella.” (p47); infection and diarrhoeal disease after flooding (p48); malaria due to rise in temperature; “high temperatures contribute directly to death from cardiovascular or respiratory diseases, especially among the elderly.”; “the presence of ozone and other pollutants in the air that exacerbate cardiovascular and respiratory diseases increase when the temperature rises.”; “Other factors, such as humidity and dust may encourage certain diseases. Cerebro-spinal meningitis epidemics occur during the dry season, which coincides with periods of low humidity and dusty conditions and disappear with the onset of the rainy season” (p48). “The impact of the vulnerability of water resources on the health sector takes the form of damage caused by excessive rainfall, especially floods, which may pose a risk to public health due to the precarious condition of water works and a gradual deterioration in the quality of water, causing outbreaks of water-borne diseases such as cholera, dysentery and salmonella. This risk of flooding might pose a risk to food security if harvests are destroyed, thereby also resulting in increased malnutrition, especially among children.” (p51); “a significant increase in maximum and minimum temperatures and alternating periods of drought and heavy rainfall over the next 30 to 50 years, leading inter alia to the increased vulnerability of populations due to a greater incidence of certain diseases such as meningitis and malaria” (p80). | F10: Y - "Maintain level of consumption of healthy animal products" (p63); "Protect the health of consumers of heat-perishable foodstuffs of animal origin" (p73) | G10: "Protect and improve public health; Ensure leadership and governance in terms of adapting to the impacts of climate change on the health sector" (p10); “Incorporate climate change issues into healthcare strategies; Strengthen collaboration between the climate change and healthcare sectors; Build capacities for forecasting and responding to climate-change-related phenomena” (p85); - Preserve water resources and improve access to sanitation (p.65) | H10: "Adapt health infrastructure to the effects of climate change (p10)" "Increase human resources in the health sector skilled in adapting to the effects of climate change (p10)" "Strengthen human resources in the healthcare sector; Promote research in the healthcare sector" (p85); “Improve levels of knowledge among personnel in relation to climate-change-sensitive diseases” (p85) - "Improve detection and response rates for climate change-related phenomena"(p85) | I10: "Establish sanitary infrastructures which are adapted to climate change impacts" (p85). | J10: "Improve detection and response rates for climate change-related phenomena"(p85) | K10: Y - “Famine and its nutrition impacts: inability to maintain a proper diet throughout the year. Some farmers eat just one meal a day at critical times of the year and this impacts on the health and diet of the population.” (p40); “high temperatures contribute directly to death from cardiovascular or respiratory diseases, especially among the elderly.” (p48); “Women are often forced to travel long distances and still may be unable to find drinking water, as numerous other constraints make this a difficult chore, such as salinisation, dry wells or contamination. Although the State has improved the technical potential with modern boreholes and wells, access to water for women is still a problem on the whole. This impacts on their health and on children's health in terms of the quality of the water and the physical effort required.” (p53) | L10: Y - Specific objectives: “Improve the nutritional status of the most vulnerable groups (women and children) through the availability of an adequate quantity of high-quality products.” (p95) | M10: Y - “Develop a communication strategy for climate change impact adaptations (p85)” | N10: “Promote research in the fields of healthcare and climate change” (p85) | O10: Y | P10: “National healthcare strategies incorporating climate change issues are available; A framework for collaboration is in operation; A training plan has been produced; Number of people trained; A communication strategy is available Awareness-raising resources are available; Forecasting and response tools are available; Sanitary infrastructures have been constructed to take account of climate-change-related risks; Number of research studies dealing with healthcare and climate change” (p85); “Rate of reduction in waterborne diseases” (p101) | Q10: Y, an impressive chapter re the framework of ME is given (p124-130), although no specific one for Health | R10: No responsible agency idientified; however, two names are listed in terms of "contact person responsible for data collection" (p145) | S10: I didn't include the Climate Change Adaptation Potential table (p82) here because I feel that could be explained as something other than actual actions, esp compared to the Summary of Adaptation Actions plan they pointed on p85. - Funding for various sectors including health is included (p.105)
A11: Cambodia | B11: 2013 | C11: 2014-2023 | D11: National | E11: Water-borne and vector-borne diseases (p15) | F11: "Promote animal production and protection of animal health in sustainable ways" (p15). | G11: "Promote renewable energy and energy efficiency to reduce GHG emissions and impacts on health"(p13). | H11: - "Improve ... capacity of health personnel to cope with vector-borne and water-borne diseases in the context of climate change" (p15); "Develop capacity on using proper technology that does not affect public health and develop capacity on using proper technology that does not [negatively] affect public health (animal production) (MAFF agriculture)"(p37). - "Provide relevant capacity development to village development committee members such as primary health care ..." (p38) | I11: - "Improve healthcare infrastructure to cope with vector-borne and water-borne diseases in the context of climate change" (p15) | J11: N | K11: N | L11: Y - "Provide capacity development to village development committee members on climate change adaptation and mitigation options, and use other scientific knowledge which can be adapted for use by local people (primary health care, water sanitation, research results dissemination and community development)" (p38). | M11: Y - "Provide capacity development to village development committee members on climate change adaptation and mitigation options, and use other scientific knowledge which can be adapted for use by local people (primary health care, water sanitation, research results dissemination and community development)" (p38). | N11: "Improve knowledge and research capacity on health impacts and vulnerability to climate change as an information base for mainstreaming climate change into the health strategic planning of MOH, and other sector planning."(p37) | O11: N | P11: No specific indicators are given. "Procedures and indicators for tracking climate change responses will be integrated in the National M&E System and will constitute the reference for tracking the effectiveness of climate change sectoral strategies and action plans at national and sub national levels." (p29) | Q11: Y - General Framework is planned (p27-32) with a possible health specific one to be developed | R11: Ministry of Health (MOH, p37); Ministry of Rural Development (MRD); Ministry of Agriculture, Fisheries, and Forestry (MAFF, p34)
A12: Cabo Verde | B12: 2021 | C12: 2020 - 2030 | D12: National | E12: "...the degradation of the air quality and vectorial diseases that can translate into stressful situations constituting risks to human health and well-being, with adverse effects on the physical and mental health of populations at all levels." (p65) - The main climate factors affecting the sector are drying trend, extreme temperatures, extreme rainfall, and heavy storms (p.65) | F12: N | G12: Sounds not like an action - “The country recognizes the importance of a greater number of well-equipped medical facilities, better risk communication strategies, more health professionals trained in crisis response, more and better disease surveillance, and need functioning early warning systems.” (p67) - these are not plans, so not considered. | H12: N | I12: N | J12: N | K12: Y - "The sector [fisheries and coastal zones] may be affected by variations in the temperature of the seawater column and its acidification. Those constitute risks for fish populations and their breeding as well as nurturing habitats, with considerable repercussions on fishing activity, economically affecting coastal communities health and well-being. It also affects the distribution of the various species, in depth and latitude, which can affect the abundance of local fish stocks." (p63). "floods caused by heavy rainfall, sea-level rise, and storms in the coastal and urban context with the loss of livelihoods, homes, human lives and energy facilities and the effects on human health associated with vector diseases and inequality of gender and the most vulnerable groups." (p73) | L12: N | M12: N | N12: N | O12: N | P12: N | Q12: Y - some steps of the framework are given, but it does not look like something can apply to the Health area (p129) | R12: N | S12: Beautiful design
A13: Chad | B13: 2022 - Date posted on UNCC's website | C13: N | D13: National | E13: - Low idex of health condition and access to health care presented in tables as baseline information (p.42-43) “The main health impacts would be in increased morbidity and mortality from vector- and non-vector-borne tropical diseases (e.g. malaria, cholera, bacillary dysentery and measles) and water-related diseases, which often occur after floods (e.g. diarrhoea and cholera)” “Increases in temperature and decreases in humidity resulting from climate change could lead to a significant increase in the number of meningitis cases and advance its seasonal onset.” “The significant impacts of climate change on food and water supplies will increase the risk of malnutrition and food insecurity (two major health problems).” “Chronic malnutrition” “Climate change is also likely to aggravate difficulties in accessing basic health services, high mortality rates (i.e. infant, child, maternal and senile mortality) and low life expectancy at birth.” “more heat-related deaths.” (p55-56) | F13: Y - “Emergency livelihood support: distribution of agricultural inputs and tools, distribution of animals, animal health support”; “Livelihood support: distribution of agricultural inputs and tools, distribution of animals, animal health support” (p82) | G13: Vision 2030: the Chad we want: implementing and monitoring national strategies for social protection and universal health care | H13: "Improved access to primary health care, water and sanitation services; the adoption of good feeding practices; and family hygiene" (p90) (this is considered for cross-sectoral collaboration) | I13: "1 health centre" (p77) this is not a plan, but previous project's output | J13: N | K13: N | L13: Y - "Improved access to basic services (health and education) [for refugees and host communities]" (p78); "Improve access to basic mobile services for livestock farmers: drinking water, health, education and information" (p86); "Test innovative human and animal health and education systems that are adapted and sustainable in pastoral environments" (p90); "Support for the medical and nutritional care of children under 5 years of age and for the maternal health of pregnant and breastfeeding women in N’Djamena and in the districts of N’Gouri and Isserom" (p96); "Reinforcement of the response to the humanitarian crisis through integrated, health and nutrition intervention in the Lake Chad Region";"Health, nutrition and protection assistance for displaced and indigenous people in the Lake Chad region" (p97); "Offer innovative services to the transhumant community (drinking water, animal and human health)" (p99) | M13: N | N13: N | O13: Vision 2030: the Chad we want: implementing and monitoring national strategies for social protection and universal health care (no details of monitoring) | P13: N | Q13: N - no any M&E framework/steps are given | R13: Ministry of Public Health (for different projects) (p78, p90); Ministry of Health (p25)
A14: Congo (DRC) | B14: 2021 | C14: 2022-2026 | D14: National | E14: Food insecurity, water-borne diseases, Increased mortality and morbidity rate in women and children from 0 to 5 (p41) | F14: N | G14: "Active management of the environmental dimension of health" (p25). Recommend to "Establish standard methodologies and carry out further vulnerability/risk assessments for key areas at the national level [including health]" (p43). (considered for collaboration criterion) | H14: "Public health services targeting populations at risk" (p41); "Improved access to health services by poor populations that are vulnerable to climate change" (p62) | I14: N | J14: N | K14: Y - "Increased mortality and morbidity rate in women and children from 0 to 5" (p41); "The women are not accepted by the Bantu women in accessing social infrastructure (maternity units, health centres) [are facing climate change-related risks]" (p54) | L14: Y - "Public health services targeting populations at risk" (p41); "Improved access to health services by poor populations that are vulnerable to climate change" (p62) | M14: N | N14: Y - "Establish standard methodologies and carry out further vulnerability/risk assessments for key areas at the national level [including health]" (p43). | O14: N | P14: This report suggested to have next step towards detailed NAP with guidelines. | Q14: N - the report suggests to have provincial and local functional coordination and monitoring bodies (considered for collaboration criterion) by integrating the main divisions representing ministries such as Health (p50) | R14: No responsible agency idientified | S14: - Estimated cost for improved access to health services by poor populations that are vulnerable to climate change USD 500 million (p.62) - Estimated cost for other sectors which affect health (p.62)
A15: Ethiopia | B15: 2019 | C15: N | D15: National | E15: vector and water borne disease; severe malnutrition; increase in flood incidence and displacement (p20); The report futher give detailed health impacts by regions on p53-55: Increased communicable disease, decrease of productive human power, malaria, malnutrition, Increased water borne diseases, death | F15: Y - "Reduced animal health, growth and reproduction" (p19) | G15: "Access to improved water, sanitation and health systems will be enhanced" (P26); "Improvement human health systems based on an integrated health and environmental surveillance protocol"; Prevention of climate sensitive disease prevention and management (p27) A special focus on water area - minimizing downstream flood risks to proect health (p27). | H15: Improving basic health services, esp the health extension system (p27) - % of health workers aware of climate change impacts (p58) (this is about being aware, but not trained) | I15: N | J15: Improving emergency medical service (p27) | K15: N | L15: N | M15: N | N15: N | O15: Y | P15: “Human health index reports (p57); % of target population covered by environment and health surveillance systems integrating climate change; % of health workers aware of climate change impacts (p58)” | Q15: Y - General Framework is planned. Although there is no health specific one, the report gives the column of Means of Verification that we can trace to check the progress. | R15: Ministry of Health; Institute of Public Health; Universities, and Research Centers (p58)
A16: Fiji - Abigail | B16: 2018 | C16: N | D16: National | E16: Dengue fever, typhoid fever, leptospirosis, and diarrhoeal disease (p24); Diffuse effects: Disorders of mental/psycho-social health Non-communicable diseases Health system deficiencies; Indirect effects: Water security & safety (including water-borne diseases) Food security & safety (including malnutrition & food-borne diseases) Vector-borne diseases Zoonoses Disorders of the eyes, ears, skin, and other body systems (p25); The report further indicate "extensive mental health impacts such as trauma and stress" (p69) | F16: N | G16: “Under the guidance of the Climate Change and Health Steering Committee and Climate Change and Health Advisory Working Group establish and strengthen a formal link to the National Climate Change Coordinating Committee to support the incorporation of health agenda in national, regional and global platform; and ensuring effective coordination of risk management and resilience for communicable diseases, health emergencies, climate change and natural disasters and climate sensitive environmental health determinants.” ; “Improve case detection and coordinated response to reduce communicable disease morbidity and mortality through strengthened partnership and cooperation within the MOHMS and between the relevant ministries and stakeholders particularly with Fiji Meteorology Services for the effective and efficient use of the available resources and information towards climate change interventions relating to health system and consider piloting a web based reporting system that includes climate and climate sensitive diseases and emerging health concerns (exposure, adaptive capacity).” (p70); “Retrofit the existing and installing innovative structures, energy and water supplies; medicines and equipment efficiency that guarantees safety and enable lifesaving support through the application of relevant legislations, policies and other reviewed standard health building designs and ensure such legislations, policies and designs are used for new health facilities to prevent vulnerability to CC impacts (apply in phases for existing that were not affected by TC Winston – Phase 1 & Phase 11).” (p71); “Develop policies that reflect health protection from climate risks and disaster risks particularly in relevant Health legislations, policies and other relevant climate regulations and protocols to ensure that short- and long-term action plans are developed for improved health infrastructure, staffing and capacity to cope with the climate and disaster risks such as vector-borne and water/food/ air-borne diseases.” (p72); “Develop waste management standards for the transport industry to ensure waste is either reused or disposed/incinerated in a manner which is not harmful to human health or the health of the environment and ensure adequate resources for enforcement.” (p83) | H16: “Strengthen and empower the Climate Change and Health Unit by increasing resources and personnel with clear mandates to implement the CCHSAP 2016 – 2020 and other relevant national, regional and international plans, policies, agreements and conventions.” (p71); “Enhance the resilience of the National Health System by developing the capacity of health workers including environmental health officers, laboratory technicians, doctors, nurses, pharmacists and other practitioners on health and climate change adaptation and disaster risk reduction; and promoting training capacities in the field of disaster medicine.” (p71); “Improve diagnostic and treatment capacities to manage climate change and health risks, to ensure that health care infrastructure at all levels (especially in the disaster-prone areas) are capable to respond effectively to CSDs (dengue, diarrhoea, typhoid, leptospirosis) and other climate related conditions such as injuries, food borne illness and fish poisoning (ciguatera)” (p71); | I16: “Retrofit the existing and installing innovative structures, energy and water supplies; medicines and equipment efficiency that guarantees safety and enable lifesaving support through the application of relevant legislations, policies and other reviewed standard health building designs and ensure such legislations, policies and designs are used for new health facilities to prevent vulnerability to CC impacts (apply in phases for existing that were not affected by TC Winston – Phase 1 & Phase 11).” (p71); “Repair and reconstruct through the ‘build back better’ concept of health infrastructure affected by disasters particularly TC Winston and the 2017 landslides in Qamea and St Giles Hospital.” (p71) | J16: “Identify and prioritise adaptation needs and associated health risk exposures of communities and populations most vulnerable to climate variability and change, including workers employed in the informal sectors, through the profiling or use of existing data; and by developing proposals, recommendations and plans for adaptation strategies to address identified gaps.” (p71) | K16: N | L16: Y - "Identify and prioritise adaptation needs and associated health risk exposures of communities and populations most vulnerable to climate variability and change, including workers employed in the informal sectors, through the profiling or use of existing data; and by developing proposals, recommendations and plans for adaptation strategies to address identified gaps." (p71) | M16: Y - "Preparation, translation, printing and distribution of information brochures combined with TV and radio shows about the impact of climate change and appropriate response on health and protection measures during extreme weather events and other measures to prevent occurrence of climate sensitive diseases with specific attention on vulnerable population groups (e.g. people with special needs, LGBTQ community, the elderly and children in high-risk areas to communal disease outbreaks)." (p72) | N16: Y - "Enhance the resilience of the National Health System by developing the capacity of health workers including environmental health officers, laboratory technicians, doctors, nurses, pharmacists and other practitioners on health and climate change adaptation and disaster risk reduction; and promoting training capacities in the field of disaster medicine." (p71) | O16: N | P16: N | Q16: Monitoring and Evaluation are demaned in Future Work (p6) | R16: No responsible agency idientified
A17: Fiji - Ajay | B17: 2018 | C17: - A list of the adaptation actions to be prioritised over the next 5 years (p.v). - Health adaptation strategies (some are ongoing, some are with 5 years timescale) (E13p.70-72) | D17: National | E17: - four main climate-sensitive diseases identified: dengue fever, typhoid fever, leptospirosis, and diarrhoeal disease - Indirect effects: water-borne diseases, malnutrition & food-borne diseases, vector-borne diseases, zoonoses, disorders of the eyes, ears, skin, and other body systems - Diffuse effects: disorders of mental/psycho-social health, non-communicable diseases, health system deficiencies - limited capacity to manage and adapt to the health risk due to climate change - health impacts are attributed to high temperature, extreme rainfall, flood, cyclone (nothing about any health risk associated with the sea level rise?) - rural population experience greater health care constraints, such as higher travel costs and longer waiting times - Constraints impact women more than men as they have additional reproductive, care giving, and subsistence responsibilities - Women often only use local services, rather than divisional hospitals, due to time constraints and transportation costs, increasing the risk of developing advanced dangerous health conditions | F17: - extensive death of fish and other marine life (p.27) | G17: - Identifying and protecting the health of low-income and otherwise disadvantaged groups should be a particular priority (p.70) - Health is an important sector within the National Development Plan of 20 years (p.70) - Existing health focused institutional arrangements: Climate Change and Health Steering Committee, Climate Change and Health Advisory Working Group (p.70) (cross-sector collaboration) - Strategy to establish and strengthen a formal link of above entities to the National Climate Change Coordinating Committee to support the incorporation of health agenda in national, regional and global platform; and ensuring effective coordination of risk management and resilience for communicable diseases, health emergencies, climate change and natural disasters and climate sensitive environmental health determinants (p.70) (cross-sector collaboration) - Strengthen and empower the Climate Change and Health Unit by increasing resources and personnel (p.71) - Identify and prioritise adaptation needs and associated health risk exposures of communities and populations most vulnerable (p.71) - ensure legislations, policies and designs are used for new health facilities to prevent vulnerability (p.71) - Develop policies that reflect health protection from climate risks and disaster risks (p.72) - Develop waste management standards for the transport industry to ensure waste is either reused or disposed/incinerated in a manner which is not harmful to human health or the health of the environment (p.83) (coordinated management) | H17: - piloting a web based reporting system that includes climate and climate sensitive diseases and emerging health concerns (exposure, adaptive capacity) through strengthened partnership and cooperation within the Ministry of Health and Medical Services, and between the relevant ministries and stakeholders particularly with Fiji Meteorology Services (p.70) - Enhance the resilience of the National Health System by developing the capacity of health workers on health and climate change adaptation and disaster risk reduction, and in the field of disaster medicine (p.71) - Preparation, translation, printing and distribution of information brochures combined with TV and radio shows about the impact of climate change and appropriate response on health and protection measures (p.72) | I17: - Retrofit the existing and installing innovative structures, energy and water supplies, and medicines and equipment efficiency (p.71) - Repair and reconstruct through the ‘build back better’ concept of health infrastructure affected by disasters (p.71) - Improve diagnostic and treatment capacities of health care infrastructure at all levels (p.71) | J17: - Enhance the resilience of the National Health System by developing the capacity of health workers on health and climate change adaptation and disaster risk reduction, and in the field of disaster medicine (p.71) | K17: - People living in rural areas experience greater health care constraints, such as higher travel costs and longer waiting times (p.69) - Impact women more than men as they have additional reproductive, care giving, and subsistence responsibilities (p.69) - Women often only use local services, rather than divisional hospitals, due to time constraints and transportation costs, increasing the risk of developing advanced dangerous health conditions (p.70) | L17: - Identifying and protecting the health of low-income and otherwise disadvantaged groups should be a particular priority as they will disproportionately experience climate change impacts on health (p.70) | M17: - Preparation, translation, printing and distribution of information brochures combined with TV and radio shows about the impact of climate change and appropriate response on health and protection measures (p.72) | O17: - Data collection should be conducted and shared by any entities which have implemented NAP actions. It is believed that much of ‘outputs’ data will come from Government Ministries who have either directly executed actions or have acted as implementers and overseen the execution of actions by others such as community-based or non-governmental organisations (p.90) - The monitoring and evaluation system should capture both processes and outcomes (p.90) | R17: - Ministry of Health and Medical Services is mentioned in Figure 23 (p.46), but nowhere is mentioned that this will be responsible for implementing NAP plans related to health. | T17: - Support from the NAP Global Network to prepare National Adaptation Plan - Participation of national and sub-national governments, civil society, private sectors and academics | U17: - The inclusion of health as a sector within the NAP is paramount due to Section 38 of the 2013 Constitution of the Republic of Fiji which requires the State to take ‘reasonable measures within its available resources to achieve the progressive realisation of the right of every person to health, and to the conditions and facilities necessary to good health, and to health care services, including reproductive health care’ (p.69)
A18: Grenada | B18: 2017 | C18: 2017-2021 | D18: National | E18: •physical injury, •death, •heat stress and heat-related illness cardio-vascular issues, heat strokes, cardiac arrhythmia), •psychological trauma, •loss of livelihoods, •water, sanitation and hygiene related issues, •food insecurity, and •displacement. •infectious diseases, •vector-borne (dengue, chikungunya and possibly zika), •water-borne (diarrheal diseases), •rodent-borne (leptospirosis). •chronic respiratory diseases e.g. asthma, •acute respiratory infections. (p57) | F18: N | G18: "A National Health Sector Disaster Management Plan is available but is currently under review. It is being led by the Disaster Management Officer in the MoHSS." (p58) “Revise fines for current legislation, specifically the Public Health Act and Regulations [in water area]” “Improve enforcement of existing legislation (public health, water legislation and other related legislation), through the provision of the necessary support from relevant government agencies”(p36) “Include climate information and improve national disease surveillance system to strengthen the analysis and use of disease data and enable forecasting and real-time outbreak monitoring.” “Improve vector surveillance, especially data capture, analysis and usage, to better target control measures and save limited resources.” “Limit the spread of vector borne diseases as early as possible to protect residents and tourists.” (p59); - “Implement or mobilise resources to implement recommendations from the WHO/PAHO “Safe Hospital Index” assessment related to disaster and climate risk reduction; - set-up a “Safe & Climate-Smart Hospitals/health facilities” Programme.” (p55) | H18: "Inclusion of climate-sensitive diseases in Disaster Risk Management training; Training of health care personnel on disaster preparedness, response and vector control measures, especially at community-level" (p59) | I18: "Three health facilities will be retrofitted to help reduce downtime and potential damage to the facility in the event of a disaster, as well as reduce operational expenditures by improving water and energy management." (p58) - In recent years, vulnerability assessments and studies of the health sector infrastructure have been conducted...Small and medium sized health care facilities were assessed in 2015-2016. At least three are earmarked for upgrades (p.58) | J18: "Three health facilities will be retrofitted to help reduce downtime and potential damage to the facility in the event of a disaster, as well as reduce operational expenditures by improving water and energy management." (p58) | K18: N | L18: “Encourage Ministry of Health and Environment to provide education on new septic field treatment and maintenance options [for mobilising resources for implementation of Greater Grenville Local Area Plan”; “Implement or mobilise resources to implement recommendations from the WHO/PAHO “Safe Hospital Index” assessment related to disaster and climate risk reduction; set-up a “Safe & Climate-Smart Hospitals/health facilities” Programme.” (p55) | M18: Y - "Different awareness-raising events were conducted for health professionals on the link between climate change and health and a leaflet is available for the general public." (p58) | N18: "Link historic prevalence/incidence data of priority diseases with climatic data to establish possible correlations." (p59) | O18: Y | P18: “At least two (2) project proposals are submitted to potential donors and/or investors annually, starting in 2017; Climate information has been included in national disease surveillance system to strengthen the analysis and use of climate-sensitive disease data.” (p56) | Q18: Y - an M&E framework is given with indicators and an approximate budget (p70) | R18: The Ministry of Health was mentioned in the task (p60) | S18: Y - an M&E framework is given with indicators and an approximate budget (p70) - Grenada’s draft GCF project proposals includes new or improved drinking water storage and improved plumbing and/or rainwater harvesting infrastructure at 16 community health facilities and related services in four parishes of Grenada and in Carriacou (p.58) | T18: Y - an M&E framework is given with indicators and an approximate budget (p70) | U18: -“Revise fines for current legislation, specifically the Public Health Act and Regulations [in water area]” “Improve enforcement of existing legislation (public health, water legislation and other related legislation), through the provision of the necessary support from relevant government agencies”(p36)
A19: Kenya | B19: 2016 | C19: 2015-2030 | D19: National | E19: The recent improvements in malarial control, water-borne diseases, infant mortality and malnutrition are vulnerable to set backs from climate change. Impacts on water quality, water resources, changes in habitat, increasing exposure of vulnerable groups, sanitation and drainage, and vector-borne diseases are all areas for concern. (p30) | F19: Y - However, this one is more related to how livestock sector affect economy (p38). | G19: In short term, “Undertake a climate vulnerability and risk assessment of the impacts of climate change and variability on human health”; Designing "appropriate climate change related interventions for the health sector" and “Design appropriate measures for surveillance and monitoring of climate change related diseases in order to enhance early warning systems which includes enhancing existing databases on health sector indicators amongst others” are medium term sub-actions for Kenya. In long term, the country aims to "Upscale results of pilot projects in climate change adaptation in the health sector." (p30). | H19: N | I19: N | J19: N | K19: Y - "the health of coastal populations could be affected because of increasing ground water salinity, which might also lead to permanent inundation of low lying areas making them uninhabitable, leading to migration of population and possibly the emergence of environmental refugees." (p18) | L19: N | M19: Y - "Increase public awareness and social mobilisation on climate change and impacts on health." (p30) | N19: - "Upscale results of pilot projects in climate change adaptation in the health sector." (p30) | O19: Y | P19: The following are general indicators for sectors: “Number of sectors planning, budgeting and implementing climate change adaptation actions; National and county performance contracting systems integrating climate change adaptation targets; Amount of loss and damage from climate hazards per sector; Amount of private sector ﬁnancing for adaptation” (p49). | Q19: Y - General Framework is planned, no health specific one (p48-49) | R19: Ministry responsible for health, MDAs, County Governments, research institutions and academia, civil society and private sector (p30). | S19: - Budget for health and health related other sectors mentioned (p.30-34)
A20: Kiribati | B20: 2014 & 2019 | D20: National | I20: N | M20: Y - p71 & 132 | R20: Ministry of Health and Medical Services (MHMS), many supporting agents were identified as well
A21: Kiribati | B21: 2019 | C21: - To build resilience the KJIP needs to be implemented in the next 10 years or so (p.61) - But on a different page: Kiribati NAP (KJIP - the Kiribati Joint Implementation Plan) is aligned and supportive of the Kiribati Vision for2018-2038 (20 years) (p.5, 173) | D21: National | E21: - existing problems (in terms of sensitivity) and their impacts (observed/potential) are detailed (P.57-58) | G21: - Strategy 5: Strengthening health-service delivery to address climate change impacts (p.67) - Capacity of national and local health systems, institutions to manage climate change- and disaster-related health risks are enhanced (p.71) - Strengthening health intervention programmes for monitoring, surveying and responding to climate-sensitive, climateinduced and disaster-related diseases (p.71) - Outbreak preparedness governance framework, response plan and a sectoral environmental health plan, which incorporate surveillance and response to climatesensitive diseases and disaster risks, will in place (p.71) - Develop a governance framework to guide the health sector’s work on climate change and disaster risk reduction (p.71) - Improve management, coordination and implementation of health security programmes (p.71) - 11 national policies are identified to be aligned with the KJIP (p.173-176) | H21: - Routine systems for surveillance of environmental health hazards and climate-sensitive diseases will be strengthened (p.71) - Capacity of personnel to manage climate change- and disaster-related health risks are enhanced (p.71) | I21: - Equipment will be provided to the MHMS Central Laboratory and Environmental Health Laboratory (p.71) - Retrofitting medical facilities and health infrastructure (p.71) - Enhanced chemical waste management and alternatives to reduce contamination and pollution (p.72) | J21: - Outbreak preparedness governance framework, response plan and a sectoral environmental health plan, which incorporate surveillance and response to climatesensitive diseases and disaster risks, will in place (p.71) - Capacity of personnel to manage climate change- and disaster-related health risks are enhanced (p.71) | K21: - Densely populated areas are at high risk (p.57) - The risk is especially high in crowded conditions (p.57) - High population density increasing risk of rapid transmission of infectious diseases (p.57) | M21: - Expected result from KJIP: Public will be aware of water safety and proactively reduces the spread of vector-, water- and food-borne diseases (p.71) | O21: - 7 expected results and related actions/sub-actions, and their performance indicators are listed in NAP (p.132-136) | P21: - Total 26 performance indicators are listed in NAP (p.132-136) | R21: - Ministry of Health and Medical Services (p.77, Fig.10, p.132-136) | T21: - Revision was undertaken by the International Institute for Sustainable Development and financed by the US government | U21: - The KJIP has to align to rules and procedures that the Government of the Republic of Kiribati must follow (this is a challenging part. Rather than KJIP being supported by legal instruments, KJIP itself should comply with prevailing laws) (p.60) - some laws need to be adjusted to enable agencies to respond effectively to the impacts of climate change and disasters (p.62)
A22: Kuwait | B22: 2019 | C22: 2019-2030 | D22: National | E22: Increasing dust events "significantly contribute to degrading the air quality increasing risks of chronic diseases and deaths" (p159); Increased risks of injuries and deaths due to heat waves; Increased risks of chronic diseases, such as asthma (p161). - Gaps identified in health sector (p.142) | F22: N | G22: “Conduct risk assessments and vulnerability to Climate Change on the general public.” (p161); “Increase drought-proof vegetation to reduce dust fallout from dust storms.” (p162). “Include information and instructions about Climate Change Effects on Health in the early education curriculum.” (p162) - “Adjust the official working hours to avoid working during maximum temperatures in the day (study and issue a new threshold).” (p162) | H22: N | I22: N | J22: “Establishing national health alerts for dust storms and heat waves.” "Develop warning systems for extreme weather conditions combined with a communication strategy for alerts." (p162) | K22: Y - "The spatial distribution of asthma patients can be a useful mean to manage healthcare services and minimize climate change effects on asthma patients." (p113). | L22: Y - “Involve the media in carrying the message of issues of Health, as people get more influenced and receive the message more directly and subconsciously through advertisement and social media sites.” (p161); “Adjust the official working hours to avoid working during maximum temperatures in the day (study and issue a new threshold).” (p162) | M22: Y - “Increase public awareness of climate changes effects and impacts on general health.” ; “Involve the media in carrying the message of issues of Health, as people get more influenced and receive the message more directly and subconsciously through advertisement and social media sites.” (p161). “Raising awareness of how to respond to dust and heat waves events.” (p162) | N22: “Establish a research and monitoring network on climate and health, with a focus on analyzing the expected climate change impact on health.” (p162) | O22: N - Indicators were not given alghough the report aims to build a monitoring network in long-term (p162). | P22: N | Q22: Y - General Framework is mentioned, no health specific one (p28). The report aims to build a monitoring network in Health in long-term (p162). | R22: Ministry of Health; Ministry of Higher Education; Ministry of Electricity and Water; KEPA; Ministry of Finance; Ministry of Services Affairs; Ministry of Information; Meteorological department – Civil Aviation (p162) | S22: - Budget estimated for health sector and related sectors (p.162 and other pages)
A23: Liberia | B23: 2021 - Date posted on UNCC's website | C23: 2020-2030 | D23: National | E23: Increased incidence of vector-borne diseases (e.g., malaria, dengue fever, and yellow fever) due to the extended breeding range to higher elevations; Emerging and re-emerging water and foodborne disease; Exacerbation of respiratory diseases (e.g., asthma) (p59). | F23: N | G23: N | H23: N | I23: N | J23: N | K23: N | L23: N | M23: N | N23: N | O23: N | P23: N | Q23: N | R23: Y - Ministry of Health (MoH) and National Public Health Institute of Liberia (NPHIL) are mentioned in one health-related project
A24: Nepal | B24: 2021 - Date posted on UNCC's website | C24: 2021-2050 | D24: National | E24: Access to abundantly clean drinking water; water-borne diseases; vector-borne diseasesl respiratory diseases; cardiovascular disease; food-borne diseases; nutrition-related dieseases, injuries, and mental illnesses (p31). | F24: N | G24: Policy reform, strategy development and national level awareness raising on climate resilient health and WASH programme, planning, operationalization and sustainability | H24: Capacity building of health and hygiene service providers (institution and personnel) on climate resilient health and hygiene service planning and implementation. (p31); Climate change resilience development through capacity building, innovation, improvement and construction of WASH services and facilities (p32). | I24: “Develop and promote climate resilient infrastructure, to enable efficient functioning of health care facilities during extreme weather events.” (p31). - Construction of WASH services and facilities (p32). | J24: Develop and promote climate resilient infrastructure, to enable efficient functioning of health care facilities during extreme weather events (p31); Build capacity of the federal, provincial, and local level public health emergency operations centres (p32). - Strengthen and equip public health laboratories to better assess climate sensitive diseases” (p32) | K24: N | L24: Y - “Develop climate-resilient water supply system, and sanitation services and facilities focusing on Gender, Children, Youth and overall social inclusion” (p32). | M24: N | N24: Y - “Strengthen and equip public health laboratories to better assess climate sensitive diseases” (p32); building "research, innovation and development of climate resilient measures/technologies for water supply, sanitation and health systems" (p33). | O24: N | P24: The report gives objectives such as "operationalize a disease surveillance system through adoption of appropriate technology and tools" (p32), timeframe and budget but it doesn't provide specific indicators. | Q24: Y - a general reporting and monitoring map was given but no specific one on health (p42-44) | R24: N | S24: Texts of this document are unsearchable; I read key chapters while there is still the possibility that I missed something.
A25: Saint Lucia | B25: 2018 | C25: 2018-2028 | D25: National | E25: “Impacts of more frequent extreme weather events (intense rainfall events, hurricanes, high winds, storm surges): Injuries and deaths resulting from direct hazard impacts on people (e.g. drowning during flooding and from infrastructure or trees striking people) during extreme events. Outbreaks of water-borne and food-borne diseases, such as schistosomiasis and cholera, dengue, leptospirosis and yellow fever, after flooding events. Increased pollution of water sources (sewage, solid waste, industrial/hazardous chemicals/ waste) during flooding episodes could increase the incidence of skin, gastric and multiple other problems associated with the contamination of water and food supplies. Increased levels of malnutrition due to extreme weather events-related declining crop and livestock production, loss of primary incomes and increasing food costs. Higher levels of human exposure to pesticides (including in food content) due to their increased use to control pest infestation after extreme events. Severed access to health services for vulnerable communities during and in the aftermath of extreme weather events (either because transport and communication is cut or because the events directly affect exposed health system infrastructure). Impacts of higher temperatures, prolonged and intense dry episodes and drought: Heat stress and cardio- and cerebrovascular conditions resulting from extreme temperature are likely to increase. Higher temperatures associated with heat waves could alter the geographical distribution of the mosquito species that transmit deadly diseases such as dengue. Aggravated respiratory conditions due to increased air pollution from forest and bushfires during dry and hot periods. Increased concentration of dust and agro-chemical particles transported by wind during dry periods could also exacerbate respiratory problems and cause allergic reactions among other complications. Declining crop yields and livestock production with higher temperatures and dry periods are expected to add to the malnutrition burden in the country.” (p26). | F25: "Decline in human and animal health, with potential for increased loss of life" (p129). | G25: "Map and model high resolution climate-related hazard maps (including landslide, flood and fire hazard maps) and the risk of disease with climate change scenarios to support long-term planning" (p117). "Establish more effective and rapid electronic exchange of surveillance data across sectors." (p118). "Establish a cross-sectoral programme on vector control, with the engagement of the health, planning, agricultural, forestry and environment sectors" (p119). "Improve active laboratory-based disease surveillance and prevention systems" (p121). | H25: "Plan to allow an increase in hospital and nursing home staff during heat- events" (p120). "Strengthening climate-sensitive vector-borne disease public health infrastructure to ensure access to treatment in vulnerable communities" (p121). | I25: "Strengthening climate-sensitive vector-borne disease public health infrastructure to ensure access to treatment in vulnerable communities" (p121). | J25: "Monitor hazard management measures to reduce health risks (e.g. fire breaks, fuel loads, flood management, trees near power lines, etc.)" (p120). | K25: N | L25: Y - “Strengthening climate-sensitive vector-borne disease public health infrastructure to ensure access to treatment in vulnerable communities; Regional assessments of water-related health issues and identification of vulnerable communities” (p121). | M25: Y - "Raise awareness on climate change diseases, the risks associated with living or recreating near vector breeding habitats" (p119). "Implementation of education campaigns on heat reduction/avoidance procedures and management of health impacts" (p120). "Conduct awareness raising campaigns on hygiene, and water-disease after extreme events to vulnerable communities" (p121). | N25: Y - "Study conducted for modelling and mapping the risk of disease under various climate change scenarios, based on improved data, up-to-date climate projections and epidemiological information; results of the study analysed, presented in a report and communicated." (P117). "Improve epidemic forecasting for climate sensitive diseases" (p120). | O25: "Monitor hazard management measures to reduce health risks (e.g. fire breaks, fuel loads, flood management, trees near power lines, etc.)" (p120). | P25: The report gives ‘indicative outputs’ in p117-122. It doesn’t fall into my standard so I didn’t put them here while you may want to double-check. | Q25: Y - Instead of giving a general framework, specific evaluation indicators are given (p117-122). Building and strengthening M&E are discussed several times. | R25: Y - "the Government agency with responsibility for health is the lead institution" (p116) | S25: Importantly, all these actions/measures are "indicative only" because "They have been previously suggested as relevant and/or necessary for adaptation in this sector/area It is expected that they will be refined and expanded when a SASAP for Saint Lucia’s health sector is developed, based on a detailed review of adaptation needs and required responses and multiple stakeholder consultations." (p116).
A26: Saint Vincent and the Grenadines | B26: 2019 | C26: 2018-2030 | D26: National | E26: "water- and vector-borne diseases such as malaria, dengue and leptospirosis” (p39) | F26: N | G26: "provide universal health care that reflects the principles of equity, affordability, quality and cultural acceptance for its citizens" (p45) | H26: N | I26: Build "Small resilient hospitals and national green hospital" (p93). | J26: The report recognised health sector's reponse to climate change is event-based, "there are plans to create a disaster management unit within the sector" (p108). | K26: N | L26: N | M26: N | N26: N | O26: Y | P26: No. CN health (p93) | Q26: Y - General Framework is planned, no health specific one (p81) | R26: No responsible agency idientified, but Ministry of Health, Wellness and the Environment is likely to be the responsible lead agency
